 Dungeon Crawl Stone Soup version 0.32-a0-791-gfc315c9ecd (webtiles) character file.

Game seed: 8185315632416088386

973936 sleeves the Intangible (level 27, -14/156 (216) HPs)
             Began as a Gnoll Fire Elementalist on Mar 20, 2024.
             Was the Champion of Sif Muna.
             Killed from afar by a Hell Sentinel (27 damage)
             ... with damnation
             ... on level 6 of the Iron City of Dis on Mar 21, 2024.
             The game lasted 05:49:32 (158483 turns).

sleeves the Intangible (Gnoll Fire Elementalist)  Turns: 158483, Time: 05:49:32

HP:   -14/156 (216) AC: 33    Str: 11 (16) XL:     27
MP:   40/57         EV: 16    Int: 32 (36) God:    Sif Muna [******]
Gold: 7068          SH: 13    Dex: 17      Spells: 6/74 levels left

rFire   + + .        a - +6 Majin-Bo {spellvamp, MP+6 Int+6}
rCold   + + +        o - +3 buckler of Qiafian {rN++ Str+2}
rNeg    + + +        p - +8 chain mail "Tevuxket" {rC++ Str+3 Dex-2}
rPois   ∞            c - +3 crown of Dyrovepreva {rElec Int+2 SInv}
rElec   +            u - +2 cloak
rCorr   .            k - +2 pair of gloves {Str+3}
SInv    +            M - +2 pair of boots {rampage}
Will    +++++        K - amulet of the Four Winds {rN+ Will+++ Clar}
Stlth   ++++++       S - ring "Fobot" {Wiz rPois Will+ Int+2 Dex+2}
HPRegen 0.46/turn    f - ring of Teisod {Fly rElec rF++}
MPRegen 0.35/turn

%: clarity, rampage, wizardry (x1)
@: death-form, in a vortex, disjoining, flying, very heavily drained, corroded
A: vile attack, torment immunity, no potions, reduced hp, fangs 1, strong nose,
distributed training, hooves 1, iridescent scales 1, agile 1, mutation
resistance 1
}: 8/15 runes: barnacled, slimy, silver, obsidian, icy, bone, abyssal, gossamer
a: Siphon Essence, Begin Untransformation, Renounce Religion, Channel Magic,
Forget Spell, Divine Exegesis


You were on level 6 of the Iron City of Dis.
You worshipped Sif Muna.
Sif Muna was exalted by your worship.
You were an undying horror.
You visited 17 branches of the dungeon, and saw 84 of its levels.
You visited the Abyss 4 times.
You visited 1 bazaar.
You also visited: Sewer, Ossuary, Gauntlet, Volcano and Desolation.

You collected 13663 gold pieces.
You spent 6595 gold pieces at shops.

Inventory:

Hand Weapons
 a - the +6 Majin-Bo (weapon) {spellvamp, MP+6 Int+6}
   (You acquired it on level 12 of the Dungeon)

   Int+6:     It affects your intelligence (+6).
   MP+6:      It affects your magic capacity (+6).
 b - the +9 war axe of Classification {pain, Int+3}
   (You took it off an ironbound preserver on level 4 of the Vaults)

   Int+3:     It affects your intelligence (+3).
Missiles
 B - 16 javelins
 E - 20 silver javelins
Armour
 c - the +3 crown of Dyrovepreva (worn) {rElec Int+2 SInv}
   (You found it in the Desolation of Salt)

   Int+2:     It affects your intelligence (+2).
   rElec:     It insulates you from electricity.
   SInv:      It lets you see invisible.
 k - a +2 pair of gloves of strength (worn)
   (You found it on level 13 of the Dungeon)
 o - the +3 buckler of Qiafian (worn) {rN++ Str+2}
   (You bought it in a shop on level 7 of the Dungeon)

   Str+2:     It affects your strength (+2).
   rN++:      It greatly protects you from negative energy.
 p - the +8 chain mail "Tevuxket" (worn) {rC++ Str+3 Dex-2}
   (You took it off a guardian mummy on level 1 of the Realm of Zot)

   Str+3:     It affects your strength (+3).
   Dex-2:     It affects your dexterity (-2).
   rC++:      It greatly protects you from cold.
 u - a +2 cloak (worn)
   (You took it off a draconian monk on level 4 of the Depths)
 y - a scarf of resistance
   (You found it on level 5 of the Realm of Zot)
 I - the +2 robe of Iteinoro {+Inv rElec Int+3}
   (You took it off a guardian mummy on level 1 of the Realm of Zot)

   Int+3:     It affects your intelligence (+3).
   rElec:     It insulates you from electricity.
   +Inv:      It lets you turn invisible.
 M - a +2 pair of boots of rampaging (worn)
   (You found it on level 3 of the Depths)
 W - the +8 plate armour of Xent {rElec Int+4}
   (You bought it in a shop in a bazaar)

   Int+4:     It affects your intelligence (+4).
   rElec:     It insulates you from electricity.
Magical Staves
 w - the staff of Revolt {rF+ rC++ rN+ Str-3 Fire Air}
   (You found it on level 3 of the Crypt)

   [staff of fire]

   Base accuracy: +5 Base damage: 5 Base attack delay: 1.2 This weapon's minimum
   attack delay (0.6) is reached at skill level 12.
   Str-3:     It affects your strength (-3).
   rF+:       It protects you from fire.
   rC++:      It greatly protects you from cold.
   rN+:       It protects you from negative energy.
   Fire:      It increases the power of your Fire spells.
   Air:       It increases the power of your Air spells.
   It falls into the 'Staves' category.
   It is a one-handed weapon.
Jewellery
 e - the ring of Vehumet's Envy {Wiz Int+2 Stlth+}
   (You found it in the Desolation of Salt)

   [ring of wizardry]

   Wiz:       It improves your spell success rate.
   Int+2:     It affects your intelligence (+2).
   Stlth+:    It makes you more stealthy.
 f - the ring of Teisod (right hand) {Fly rElec rF++}
   (You found it on level 5 of the Lair of Beasts)

   [ring of flight]

   rF++:      It greatly protects you from fire.
   rElec:     It insulates you from electricity.
   Fly:       It grants you flight.
 K - the amulet of the Four Winds (around neck) {rN+ Will+++ Clar}
   (You took it off a deep elf annihilator on level 3 of the Elven Halls)

   [amulet of nothing]

   rN+:       It protects you from negative energy.
   Will+++:   It greatly increases your willpower.
   Clar:      It protects you from confusion, rage, mesmerisation and fear.
 S - the ring "Fobot" (left hand) {Wiz rPois Will+ Int+2 Dex+2}
   (You acquired it on level 11 of the Dungeon)

   [ring of wizardry]

   Wiz:       It improves your spell success rate.
   Int+2:     It affects your intelligence (+2).
   Dex+2:     It affects your dexterity (+2).
   rPois:     It protects you from poison.
   Will+:     It increases your willpower.
 Y - the ring of Tigit {rF+ rN+ Int+3}
   (You took it off a spriggan on level 5 of the Lair of Beasts)

   [ring of positive energy]

   Int+3:     It affects your intelligence (+3).
   rF+:       It protects you from fire.
   rN+:       It protects you from negative energy.
Talismans
 Z - a talisman of death (active)
   (You found it on level 5 of the Vaults)
Wands
 v - a wand of iceblast (42)
   (You found it on level 4 of the Dungeon)
 F - a wand of light (35)
   (You found it on level 6 of the Dungeon)
 O - a wand of digging (39)
   (You found it on level 10 of the Dungeon)
Scrolls
 g - 25 scrolls of teleportation
 h - 13 scrolls of enchant armour
 j - 10 scrolls of fear
 r - 12 scrolls of blinking
 t - 15 scrolls of enchant weapon
 z - 4 scrolls of summoning
 G - 7 scrolls of torment
 L - 7 scrolls of brand weapon
 R - 2 scrolls of amnesia
 U - 9 scrolls of revelation
 V - 11 scrolls of immolation
 X - 13 scrolls of fog
Potions
 d - 9 potions of heal wounds
 i - 11 potions of mutation
 l - 6 potions of resistance
 n - 7 potions of enlightenment
 q - 5 potions of magic
 s - 26 potions of curing
 x - 18 potions of haste
 A - 9 potions of invisibility
 H - 13 potions of brilliance
 J - 19 potions of ambrosia
 N - 9 potions of might
 T - 4 potions of cancellation
Miscellaneous
 m - a lightning rod (4/4)
   (You found it on level 13 of the Dungeon)
 C - a phial of floods
   (You found it in a Gauntlet)
 D - a condenser vane
   (You found it on level 1 of the Lair of Beasts)
 P - a box of beasts
   (You found it on level 1 of the Lair of Beasts)
 Q - a phantom mirror
   (You found it on level 2 of the Lair of Beasts)


   Skills:
 + Level 23.8 Fighting
 + Level 23.8 Short Blades
 + Level 23.8 Long Blades
 + Level 23.8 Axes
 + Level 23.8 Maces & Flails
 + Level 23.8 Polearms
 + Level 23.8 Staves
 + Level 23.8 Ranged Weapons
 + Level 23.8 Throwing
 + Level 23.8 Armour
 O Level 27 Dodging
 + Level 24.1 Stealth
 + Level 23.8 Shields
 + Level 23.8 Unarmed Combat
 + Level 24.2 Spellcasting
 + Level 20.6 Conjurations
 + Level 20.5 Hexes
 + Level 20.5 Summonings
 + Level 20.5 Necromancy
 + Level 20.5 Translocations
 + Level 21.0 Fire Magic
 + Level 20.5 Ice Magic
 + Level 20.5 Air Magic
 + Level 20.5 Earth Magic
 + Level 20.5 Alchemy
 + Level 25.7 Invocations
 + Level 23.8 Evocations
 + Level 22.1 Shapeshifting


You had 6 spell levels left.
You knew the following spells:

 Your Spells              Type           Power      Damage    Failure   Level
a - Ignition              Fire           54%        3d15      1%          8
b - Apportation           Tloc           100%       N/A       0%          1
c - Lehudib's Crystal Sp  Conj/Erth      53%        10d12     2%          8
d - Spellforged Servitor  Conj/Summ      53%        N/A       1%          7
e - Disjunction           Tloc           53%        N/A       2%          8
f - Fire Storm            Conj/Fire      53%        8d14      32%         9
g - Plasma Beam           Fire/Air       53%        2x1d68    1%          6
h - Shatter               Erth           53%        3d40*     34%         9
j - Passage of Golubria   Tloc           100%       N/A       0%          4
k - Borgnjor's Revivific  Necr           53%        N/A       2%          8

Your spell library contained the following spells:

 Spells                   Type           Power      Damage    Failure   Level
 Foxfire                  Conj/Fire      100%       2x1d9     0%          1
 Freeze                   Ice            100%       1d10      0%          1
 Kiss of Death            Conj/Necr      100%       2d13      0%          1
 Magic Dart               Conj           100%       1d8       0%          1
 Necrotise                Necr           100%       1d9       0%          1
 Sandblast                Erth           100%       2d20      0%          1
 Shock                    Conj/Air       100%       1d9       0%          1
 Slow                     Hex            100%       N/A       0%          1
 Sting                    Conj/Alch      100%       1d9       0%          1
 Summon Small Mammal      Summ           100%       N/A       0%          1
 Blink                    Tloc           100%       N/A       0%          2
 Call Imp                 Summ           100%       N/A       0%          2
 Cigotuvi's Dreadful Rot  Necr/Alch/Air  100%       N/A       0%          2
 Ensorcelled Hibernation  Hex/Ice        100%       N/A       0%          2
 Jinxbite                 Hex            100%       N/A       0%          2
 Lesser Beckoning         Tloc           100%       N/A       0%          2
 Mercury Vapours          Alch/Air       100%       N/A       0%          2
 Momentum Strike          Conj/Tloc      100%       3d10      0%          2
 Scorch                   Fire           100%       2d9       0%          2
 Searing Ray              Conj           100%       2d8       0%          2
 Static Discharge         Conj/Air       100%       3-8/arc   0%          2
 Sublimation of Blood     Necr           100%       N/A       0%          2
 Call Canine Familiar     Summ           100%       N/A       0%          3
 Confusing Touch          Hex            100%       N/A       0%          3
 Dazzling Flash           Conj/Hex       100%       N/A       0%          3
 Frozen Ramparts          Ice            100%       1d16      0%          3
 Fugue of the Fallen      Necr           100%       N/A       0%          3
 Gell's Gravitas          Tloc           100%       N/A       0%          3
 Hailstorm                Conj/Ice       100%       3d16      0%          3
 Inner Flame              Hex/Fire       100%       N/A       0%          3
 Mephitic Cloud           Conj/Alch/Air  100%       N/A       0%          3
 Ozocubu's Armour         Ice            100%       N/A       0%          3
 Passwall                 Erth           100%       N/A       0%          3
 Sigil of Binding         Hex            100%       N/A       0%          3
 Stone Arrow              Conj/Erth      100%       3d13      0%          3
 Summon Ice Beast         Ice/Summ       100%       N/A       0%          3
 Swiftness                Air            100%       N/A       0%          3
 Teleport Other           Tloc           100%       N/A       0%          3
 Tukima's Dance           Hex            100%       N/A       0%          3
 Vampiric Draining        Necr           100%       2d13      0%          3
 Volatile Blastmotes      Fire/Tloc      100%       2d18      0%          3
 Airstrike                Air            53%        2d(8-24)  0%          4
 Anguish                  Hex/Necr       53%        N/A       0%          4
 Animate Armour           Summ/Erth      100%       N/A       0%          4
 Animate Dead             Necr           100%       N/A       0%          4
 Brom's Barrelling Bould  Conj/Erth      100%       2d11      0%          4
 Cause Fear               Hex            53%        N/A       0%          4
 Dimensional Bullseye     Hex/Tloc       53%        N/A       0%          4
 Dispel Undead            Necr           100%       3d31      0%          4
 Flame Wave               Conj/Fire      100%       2d21      0%          4
 Fulminant Prism          Conj/Alch      53%        3d22      0%          4
 Ignite Poison            Fire/Alch      100%       N/A       0%          4
 Iskenderun's Mystic Bla  Conj/Tloc      100%       2d19      0%          4
 Leda's Liquefaction      Alch/Erth      53%        N/A       0%          4
 Manifold Assault         Tloc           100%       N/A       0%          4
 Martyr's Knell           Necr/Summ      100%       N/A       0%          4
 Olgreb's Toxic Radiance  Alch           100%       N/A       0%          4
 Petrify                  Alch/Erth      100%       N/A       0%          4
 Sticky Flame             Fire/Alch      100%       2d15      0%          4
 Summon Blazeheart Golem  Fire/Summ      100%       N/A       0%          4
 Summon Lightning Spire   Summ/Air       100%       N/A       0%          4
 Vhi's Electric Charge    Tloc/Air       100%       N/A       0%          4
 Fireball                 Conj/Fire      53%        3d21      0%          5
 Iskenderun's Battlesphe  Conj           100%       2d15      0%          5
 Alistair's Intoxication  Alch           70%        N/A       1%          5
 Arcjolt                  Conj/Air       53%        1d63      1%          5
 Borgnjor's Vile Clutch   Necr/Erth      53%        N/A       1%          5
 Curse of Agony           Necr           100%       N/A       1%          5
 Freezing Cloud           Conj/Ice/Air   53%        6-21      1%          5
 Irradiate                Conj/Alch      53%        3d29      1%          5
 Lee's Rapid Deconstruct  Erth           53%        3d25*     1%          5
 Metabolic Englaciation   Hex/Ice        53%        N/A       1%          5
 Silence                  Hex/Air        53%        N/A       1%          5
 Summon Forest            Summ/Tloc      53%        N/A       1%          5
 Summon Mana Viper        Hex/Summ       100%       N/A       1%          5
 Yara's Violent Unravell  Hex/Alch       53%        3d20      1%          5
 Bombard                  Conj/Erth      53%        9d9       1%          6
 Conjure Ball Lightning   Conj/Air       53%        3x3d18    1%          6
 Death Channel            Necr           53%        N/A       1%          6
 Dispersal                Tloc           53%        N/A       1%          6
 Eringya's Noxious Bog    Alch           53%        4d6       1%          6
 Permafrost Eruption      Ice/Erth       53%        2x4d15    1%          6
 Sculpt Simulacrum        Ice/Alch       53%        N/A       1%          6
 Starburst                Conj/Fire      53%        6d14      1%          6
 Summon Cactus Giant      Summ           53%        N/A       1%          6
 Enfeeble                 Hex            53%        N/A       1%          7
 Haunt                    Necr/Summ      53%        N/A       1%          7
 Malign Gateway           Summ/Tloc      53%        N/A       1%          7
 Monstrous Menagerie      Summ           53%        N/A       1%          7
 Orb of Destruction       Conj           53%        9d13      1%          7
 Ozocubu's Refrigeration  Ice            53%        4d19      1%          7
 Summon Hydra             Summ           53%        N/A       1%          7
 Discord                  Hex            53%        N/A       2%          8
 Infestation              Necr           53%        N/A       2%          8
 Maxwell's Capacitive Co  Air            53%        ∞         2%          8
 Summon Horrible Things   Summ           53%        N/A       2%          8
 Chain Lightning          Conj/Air       53%        3d70      32%         9
 Death's Door             Necr           53%        N/A       34%         9
 Dragon's Call            Summ           53%        N/A       34%         9
 Polar Vortex             Ice            53%        12d7*     34%         9


Dungeon Overview and Level Annotations

Branches:
Dungeon (15/15)            Temple (1/1) D:7            Lair (5/5) D:8
 Shoals (4/4) Lair:3       Spider (4/4) Lair:2        Slime (5/5) Lair:4
    Orc (2/2) D:11            Elf (3/3) Orc:2        Vaults (5/5) D:13
  Crypt (3/3) Vaults:2       Tomb (0/3) Crypt:3      Depths (4/4) D:15
   Hell (visited)             Dis (6/7) Hell            Geh (7/7) Hell
    Coc (7/7) Hell            Tar (7/7) Hell            Zot (5/5) Depths:4
  Sewer (visited)         Ossuary (visited)         Volcano (visited)
Desolation (visited)      Gauntlet (visited)

Altars:
Ashenzari
Cheibriados
Dithmenos
Elyvilon
Fedhas
Gozag
Hepliaklqana
Kikubaaqudgha
Makhleb
Nemelex Xobeh
Okawaru
Qazlal
Ru
Sif Muna
Trog
Uskayaw
Vehumet
Wu Jian
Xom
Yredelemnul
Zin
The Shining One
Beogh
Jiyva
Lugonu

Shops:
D:2 *(([   D:7 [*=   D:8 *   Orc:2 !:[=   Elf:3 [:(   Zot:2 **   Depths:1 =
Depths:2 *[

Portals:
Hell: Depths:1 Depths:2 Depths:3 Depths:4
Abyss: Lair:5 Depths:2 Depths:3 Depths:4
Pandemonium: Depths:2 Depths:4
Ziggurat: Depths:2

Annotations:
D:4 1 runed translucent door, Crazy Yiuf
Slime:4 exclusion: upstairs
Zot:1 8 runed translucent doors


Innate Abilities, Weirdness & Mutations

You are an undying horror.
Your melee and unarmed attacks drain, slow and weaken victims.
You are immune to unholy pain and torment.
You cannot drink.
Your maximum health is decreased, since you lack skill for your form.
You are immune to poison.
You have very sharp teeth.
Your uncanny sense of smell can sniff out nearby items.
Your experience applies equally to all skills.
You have large cloven feet.
You are partially covered in iridescent scales. (AC +2)
You are agile. (Dex +4, Str/Int -1)
You are somewhat resistant to further mutation.


Message History

Press: ? - help, Shift-Dir - straight line, f - Hell Sentinel
Aim: a Hell Sentinel (heavily wounded, 98% to hit)
The crystal spear hits the Hell Sentinel!!!
The Hell Sentinel is severely wounded.
The dread lich casts a spell.
The dread lich seems to speed up.
You block the Hell Sentinel's attack. The Hell Sentinel closely misses you.
You block the dread lich's attack. The Hell Sentinel gestures at you.
The sphere of damnation explodes!
The damnation engulfs you!!!
The damnation engulfs the Hell Sentinel.
The Hell Sentinel completely resists.
The damnation engulfs the dread lich!!
Casting: Lehudib's Crystal Spear (dangerous; 1% risk of failure)
Confirm with . or Enter, or press ? or * to list all spells.
Aiming: Lehudib's Crystal Spear (dangerous; 1% risk of failure)
Press: ? - help, Shift-Dir - straight line, f/p - Hell Sentinel
Aim: a Hell Sentinel (severely wounded, 98% to hit)
The crystal spear hits the Hell Sentinel!!!
You kill the Hell Sentinel!
Sif Muna accepts your kill. You block the dread lich's attack. x2
Casting: Lehudib's Crystal Spear (dangerous; 1% risk of failure)
Confirm with . or Enter, or press ? or * to list all spells.
Aiming: Lehudib's Crystal Spear (dangerous; 1% risk of failure)
Press: ? - help, Shift-Dir - straight line, f - dread lich
Aim: a dread lich (moderately damaged, fast, 83% to hit)
The crystal spear hits the dread lich!!!
The dread lich is severely damaged.
The dread lich casts a spell.
Casting: Lehudib's Crystal Spear (dangerous; 1% risk of failure)
Confirm with . or Enter, or press ? or * to list all spells.
Aiming: Lehudib's Crystal Spear (dangerous; 1% risk of failure)
Press: ? - help, Shift-Dir - straight line, f/p - dread lich
Aim: a dread lich (severely damaged, fast, 83% to hit)
The crystal spear hits the dread lich!!!
You destroy the dread lich!
Sif Muna accepts your kill.
* * * LOW HITPOINT WARNING * * *;
* * * LOW MAGIC WARNING * * *
You start resting.
Magic restored.
You start resting.
You feel less invigorated.
You start resting.
You feel less contaminated with magical energies.
You start resting.
Your magical contamination has completely faded away.
You start resting.
HP restored.
You fly up through the gate.
Welcome back to the Iron City of Dis!
This branch contains the iron rune of Zot. "We have you now!"
You feel weakened.
The tormentor roars!
There is a gateway leading out of Dis here.
There is an open door here.
The crystal spear hits the tormentor!!!
You kill the tormentor!
Sif Muna accepts your kill.
HP restored.
Magic restored.
You reach down and open the door.
There is an open door here.
You reach down and open the door.
A tormentor comes into view.
A tormentor is nearby!
A war gargoyle comes into view. It is wielding a +0 morningstar.
There is an open door here.
You can't see any susceptible monsters within range! (Use Z to cast anyway.)
The crystal spear hits the tormentor!!!
You kill the tormentor!
Sif Muna accepts your kill.
The crystal spear hits the war gargoyle!!!!
You destroy the war gargoyle!
Sif Muna accepts your kill.
You reach down and open the door.
There is an open door here.
You reach down and open the door.
There is an open door here.
You reach down and open the door.
A crystal echidna comes into view.
The crystal echidna flicks its quills at you.
The volley of spikes misses you.
A crystal echidna is nearby!
There is an open door here.
The crystal spear hits the crystal echidna!!!!
You destroy the crystal echidna!
Sif Muna accepts your kill.
Your Stealth skill increases to level 24!
There is an open door here.
You reach down and open the door.
An ancient champion comes into view.
It is wielding a +2 battleaxe of draining.
An ancient champion is nearby!
You rampage towards the ancient champion!
The crystal spear hits the ancient champion!!!
The ancient champion is almost destroyed.
The ancient champion barely misses you.
The crystal spear misses the ancient champion.
You block the ancient champion's attack.
An ancient champion is nearby!
The crystal spear hits the ancient champion!!!
You destroy the ancient champion!
Sif Muna accepts your kill.
Things that are here:
a +2 battleaxe of draining; a +0 plate armour You reach down and open the door.
Found a stone staircase leading down.
An ancient champion comes into view. It is wielding a +2 battleaxe.
There is an open door here.
You can't see any susceptible monsters within range! (Use Z to cast anyway.)
You rampage towards the ancient champion!
The crystal spear hits the ancient champion!!
The ancient champion is heavily damaged.
The crystal spear hits the ancient champion!!!!
You destroy the ancient champion!
Sif Muna accepts your kill.
Things that are here:
a +2 battleaxe; a +0 chain mail
There is a stone staircase leading down here.
You fly downwards.
You feel like no one will even care if you die here...
You feel dopey.
There is a gateway leading out of Dis here.
You reach down and open the door.
An ancient champion comes into view.
It is wielding a +3 great sword of flaming.
An ancient champion is nearby!
You rampage towards the ancient champion!
The crystal spear hits the ancient champion!!!!
You destroy the ancient champion!
Sif Muna accepts your kill.
You reach down and open the door.
There is an open door here.
You reach down and open the door.
There is an open door here.
There is an open door here.
There is an open door, spattered with blood here.
You see here a +0 dire flail.
HP restored.
You reach down and open the door.
There is an open door here.
There is a stone staircase leading down here.
You fly downwards. "Leave now, before it is too late!"
HP restored.
You feel drained.
Magic restored.
There is a gateway leading out of Dis here.
There is an open door here.
There is an open door here.
There is an open door here.
There is a large open door here.
Things that are here:
a caustic shrike skeleton; a caustic shrike skeleton; a caustic shrike skeleton You see here a +0 great mace of protection.
You reach down and open the door.
There is an open door here.
Something unseen opens the large door.
You sense a monster nearby.
An ancient champion and 3 caustic shrikes come into view.
You reach down and close the large door.
Something unseen opens the large door.
Casting: Lehudib's Crystal Spear (dangerous; 1% risk of failure)
Confirm with . or Enter, or press ? or * to list all spells.
The dungeon rumbles!
A door shatters! x2; You feel better.
The caustic shrike screeches!
The caustic shrike is lightly wounded.
The caustic shrike screeches!
The caustic shrike is lightly wounded.
You destroy the ancient champion!
Sif Muna accepts your kill.
The caustic shrike screeches!
The caustic shrike is lightly wounded.
A door shatters! x2
Ka-crash!
You hear a screech! x3
You feel your strength returning.
Your Shapeshifting skill increases to level 22!
Casting: Shatter (dangerous; 26% risk of failure)
Confirm with . or Enter, or press ? or * to list all spells.
Aiming: Fire Storm (dangerous; 22% risk of failure)
Press: ? - help, Dir - move target A raging storm of fire appears!
The great blast of fire engulfs the caustic shrike!!!
You feel better.
The caustic shrike partially resists.
The caustic shrike is heavily wounded.
The great blast of fire engulfs the caustic shrike!!!
You feel better.
The caustic shrike partially resists.
The caustic shrike is heavily wounded.
The great blast of fire engulfs the caustic shrike!!!
The caustic shrike partially resists.
The caustic shrike is heavily wounded.
The caustic shrike is engulfed in blazing flames. x2
The caustic shrike completely misses you.
The caustic shrike is engulfed in blazing flames.
You block the caustic shrike's attack.
An ancient champion comes into view. It is wielding a +3 heavy battleaxe.
The caustic shrike is engulfed in blazing flames.
The caustic shrike completely misses you.
The caustic shrike is engulfed in blazing flames.
The caustic shrike barely misses you.
The caustic shrike is engulfed in blazing flames.
The caustic shrike closely misses you.
Casting: Fire Storm (dangerous; 22% risk of failure)
Confirm with . or Enter, or press ? or * to list all spells.
Casting: Ignition (dangerous; 1% risk of failure)
Press: ? - help, Dir - look around, f - activate The air bursts into flame!
The fireball engulfs the ancient champion!
The ancient champion is lightly damaged.
The fireball engulfs the caustic shrike.
You feel better.
The caustic shrike resists.
The caustic shrike is heavily wounded.
The fireball engulfs the caustic shrike!
You feel better.
The caustic shrike resists.
The caustic shrike is severely wounded.
The fireball engulfs the caustic shrike!
The caustic shrike resists.
The caustic shrike is severely wounded.
The fireball engulfs the caustic shrike.
The caustic shrike resists.
The caustic shrike is severely wounded.
The fireball engulfs the caustic shrike!
The caustic shrike resists.
The caustic shrike is severely wounded.
The fireball engulfs the ancient champion!
The ancient champion is moderately damaged.
The fireball engulfs the caustic shrike.
The caustic shrike resists.
The caustic shrike is severely wounded.
The fireball engulfs the caustic shrike.
The caustic shrike resists.
The caustic shrike is severely wounded.
The fireball engulfs the caustic shrike.
The caustic shrike resists.
The caustic shrike is almost dead.
You hear a screech! x3; You hear a roar!
The caustic shrike is engulfed in blazing flames.
The caustic shrike misses you.
The caustic shrike is engulfed in blazing flames.
You block the caustic shrike's attack.
The caustic shrike is engulfed in blazing flames.
The caustic shrike claws you but does no damage.
The caustic shrike is engulfed in blazing flames.
You block the caustic shrike's attack.
The caustic shrike is engulfed in blazing flames.
The caustic shrike closely misses you.
The caustic shrike is engulfed in blazing flames.
The caustic shrike completely misses you.
You hear a screech!
Casting: Ignition (dangerous; 1% risk of failure)
Confirm with . or Enter, or press ? or * to list all spells.
Casting: Ignition (dangerous; 1% risk of failure)
Press: ? - help, Dir - look around, f - activate The air bursts into flame!
The fireball engulfs the caustic shrike.
You feel better.
The caustic shrike resists.
The caustic shrike is severely wounded.
The fireball engulfs the caustic shrike!
You feel better.
The caustic shrike resists.
The caustic shrike is almost dead.
The fireball engulfs the caustic shrike!
You feel better.
The caustic shrike resists.
The caustic shrike is almost dead.
The fireball engulfs the caustic shrike.
The caustic shrike resists.
You kill the caustic shrike!
Sif Muna accepts your kill.
The fireball engulfs the caustic shrike!
The caustic shrike resists.
The caustic shrike is almost dead.
The fireball engulfs the caustic shrike!
The caustic shrike resists.
The caustic shrike is almost dead.
The caustic shrike is engulfed in blazing flames.
The caustic shrike claws you.
You are splashed with acid!
The caustic shrike is engulfed in blazing flames.
The caustic shrike misses you.
The caustic shrike is engulfed in blazing flames.
The caustic shrike misses you.
The caustic shrike is engulfed in blazing flames.
The caustic shrike claws you. The acid corrodes you!
You are splashed with acid!
Casting: Ignition (dangerous; 1% risk of failure)
Confirm with . or Enter, or press ? or * to list all spells.
Casting: Ignition (dangerous; 1% risk of failure)
Press: ? - help, Dir - look around, f - activate The air bursts into flame!
The fireball engulfs the caustic shrike!
You feel better.
The caustic shrike resists.
The caustic shrike is almost dead.
The fireball engulfs the caustic shrike.
You feel better.
The caustic shrike resists.
The caustic shrike is almost dead.
A quicksilver elemental comes into view.
The caustic shrike is engulfed in blazing flames.
You kill the caustic shrike!
Sif Muna accepts your kill. The caustic shrike closely misses you.
The caustic shrike claws you but does no damage.
The quicksilver elemental moves out of view.
The caustic shrike misses you.
The caustic shrike attacks as it pursues you!
The caustic shrike claws you.
You are splashed with acid!
The ancient champion points at you and mumbles some strange words.
The iron shot misses you.
Casting: Ignition (dangerous; 1% risk of failure)
Confirm with . or Enter, or press ? or * to list all spells.
You summon a servant imbued with your destructive magic!
* * * LOW MAGIC WARNING * * *
The caustic shrike closely misses you. The caustic shrike misses you.
You hit the caustic shrike.
The caustic shrike decays.
The caustic shrike is almost dead.
The caustic shrike claws you but does no damage.
The ancient champion gestures wildly while chanting.
The ancient champion seems to speed up.
You completely miss the caustic shrike.
The caustic shrike is almost dead.
The caustic shrike claws you but does no damage.
The caustic shrike misses you.
The ancient champion casts a spell at you.
You block the iron shot.
You thump the caustic shrike!
You kill the caustic shrike!
Sif Muna accepts your kill.
You feel your intelligence returning.
You hit the ancient champion but do no damage.
The ancient champion is lightly damaged.
You block the ancient champion's attack.
The ancient champion hits your spellforged servitor with a +3 heavy battleaxe.
You hit the ancient champion but do no damage.
The ancient champion is lightly damaged.
Your spellforged servitor casts a spell at the ancient champion.
The crystal spear hits the ancient champion!!!
Casting: Spellforged Servitor (mildly dangerous; 1% risk of failure)
Confirm with . or Enter, or press ? or * to list all spells.
Aiming: Lehudib's Crystal Spear (dangerous; 1% risk of failure)
Press: ? - help, Shift-Dir - straight line, f - ancient champion
Aim: an ancient champion, wielding a +3 heavy battleaxe and wearing a +0 chain mail (severely damaged, fast, not watching you, ally target, 87% to hit)
The crystal spear hits the ancient champion!!!!
You destroy the ancient champion!
Sif Muna accepts your kill.
* * * LOW MAGIC WARNING * * *
Your Fire Magic skill increases to level 21!
There is a stone staircase leading down here.
You start resting.
You are no longer corroded.
You start resting.
A Hell Sentinel comes into view.
You start resting.
A Hell Sentinel is nearby!
Your spellforged servitor disappears in a puff of smoke!
Casting: Lehudib's Crystal Spear (dangerous; 1% risk of failure)
Confirm with . or Enter, or press ? or * to list all spells.
You summon a servant imbued with your destructive magic!
* * * LOW MAGIC WARNING * * *
The Hell Sentinel gestures at you. The iron shot hits you!!
The Hell Sentinel gestures at you.
The sphere of damnation explodes!
The damnation engulfs you!!
* * * LOW HITPOINT WARNING * * *
The damnation engulfs your spellforged servitor!!
Your spellforged servitor points at the Hell Sentinel and mumbles some strange words.
The crystal spear hits the Hell Sentinel!!!
Aiming: Bolt of Light
Press: ? - help, Shift-Dir - straight line, f - Hell Sentinel
Aim: a Hell Sentinel (moderately wounded, ally target, 98% to hit)
The bolt of light hits the Hell Sentinel but does no damage.
The Hell Sentinel is moderately wounded.
The Hell Sentinel is blinded.
Your spellforged servitor gestures at the Hell Sentinel while chanting.
The crystal spear hits the Hell Sentinel!!!
Casting: Spellforged Servitor (mildly dangerous; 1% risk of failure)
Confirm with . or Enter, or press ? or * to list all spells.
Aiming: Lehudib's Crystal Spear (dangerous; 1% risk of failure)
Press: ? - help, Shift-Dir - straight line, f/p - Hell Sentinel
Aim: a Hell Sentinel (severely wounded, blind, unable to see you, ally target, 98% to hit)
The crystal spear hits the Hell Sentinel!!!
You kill the Hell Sentinel!
Sif Muna accepts your kill.
* * * LOW HITPOINT WARNING * * *;
* * * LOW MAGIC WARNING * * *
You start resting.
Magic restored.
You start resting.
You feel less invigorated.
There is a stone staircase leading down here.
You start resting.
Your spellforged servitor disappears in a puff of smoke!
A quicksilver elemental is nearby!
Casting: Lehudib's Crystal Spear (dangerous; 1% risk of failure)
Confirm with . or Enter, or press ? or * to list all spells.
You summon a servant imbued with your destructive magic!
* * * LOW HITPOINT WARNING * * *
Casting: Spellforged Servitor (mildly dangerous; 1% risk of failure)
Confirm with . or Enter, or press ? or * to list all spells.
Aiming: Lehudib's Crystal Spear (dangerous; 1% risk of failure)
Press: ? - help, Shift-Dir - straight line, f - quicksilver elemental
Aim: a quicksilver elemental (wandering, ally target, hasn't noticed you, 61% to hit)
The crystal spear hits the quicksilver elemental!!!
The quicksilver elemental is severely damaged.
* * * LOW HITPOINT WARNING * * *
The quicksilver elemental breathes dispelling energy at you.
The bolt of dispelling energy misses you.
Casting: Lehudib's Crystal Spear (dangerous; 1% risk of failure)
Confirm with . or Enter, or press ? or * to list all spells.
You can't see any susceptible monsters within range! (Use Z to cast anyway.) Unknown command.
Your spellforged servitor gestures at the quicksilver elemental while chanting.
The crystal spear hits the quicksilver elemental!!!
The quicksilver elemental is destroyed!
Sif Muna accepts your kill.
You start resting.
A caustic shrike comes into view.
Your spellforged servitor gestures at the caustic shrike while chanting.
The crystal spear misses the caustic shrike.
A caustic shrike is nearby!
The caustic shrike claws your spellforged servitor!
Your spellforged servitor is splashed with acid.
The acid corrodes your spellforged servitor!
There is a stone staircase leading down here.
The caustic shrike claws your spellforged servitor!!
Your spellforged servitor is splashed with acid.
Your spellforged servitor seems to be corroded for longer.
Your spellforged servitor points at the caustic shrike and mumbles some strange words.
The crystal spear hits the caustic shrike!!!
The caustic shrike claws your spellforged servitor!
Your spellforged servitor is splashed with acid.
Your spellforged servitor seems to be corroded for longer.
You block the caustic shrike's attack.
Casting: Lehudib's Crystal Spear (dangerous; 1% risk of failure)
Confirm with . or Enter, or press ? or * to list all spells.
Aiming: Lehudib's Crystal Spear (dangerous; 1% risk of failure)
Press: ? - help, Shift-Dir - straight line, f - caustic shrike
Aim: a caustic shrike (moderately wounded, ally target, 65% to hit)
The crystal spear hits the caustic shrike!!!
You feel better.
The caustic shrike is almost dead.
You block the caustic shrike's attack.
Your spellforged servitor points at the caustic shrike and mumbles some strange words.
The crystal spear hits the caustic shrike!!!
The caustic shrike dies!
Sif Muna accepts your kill.
There is a stone staircase leading down here.
You start resting.
Your spellforged servitor disappears in a puff of smoke!
Magic restored.
You start resting.
A caustic shrike comes into view.
The caustic shrike moves out of view.
You start resting.
A caustic shrike comes into view.
The caustic shrike moves out of view.
You start resting.
A caustic shrike is nearby!
Casting: Lehudib's Crystal Spear (dangerous; 1% risk of failure)
Confirm with . or Enter, or press ? or * to list all spells.
You summon a servant imbued with your destructive magic!
There is a stone staircase leading down here.
You start resting.
HP restored.
You start resting.
Magic restored.
Unknown command.
You fly downwards.
Your summoned ally is left behind.
You feel like no one will even care if you die here...
There is a gateway leading out of Dis here.
Things that are here:
a +0 chain mail; a +3 great sword of draining You see here a caustic shrike skeleton.
There is an open door here.
You see here a +1 flail of draining.
There is a stone staircase leading down here.
Unknown command.
You fly downwards. "Run while you still can, mortal!"
You feel dopey. You block the tormentor's attack.
The tormentor completely misses you. You block the dread lich's attack.
The tormentor completely misses you. x2
There is a gateway leading out of Dis here.
A great freezing vortex appears around you.
You hear a roar!
The ancient lich gestures wildly while chanting.
The ancient lich flickers and vanishes for a moment.
The dread lich touches you but does no damage.
The tormentor misses you. The tormentor closely misses you.
You hear a roar!
Cast which spell? (? or * to list)
Aiming: Lehudib's Crystal Spear (dangerous; 1% risk of failure)
Press: ? - help, Shift-Dir - straight line, f - dread lich
Aim: a dread lich (whirling frost, lightly damaged, 82% to hit)
The crystal spear hits the dread lich!!!
The dread lich is heavily damaged.
You kill the tormentor!
Sif Muna accepts your kill.
You hear a roar!
Sif Muna accepts your kill.
You feel a bit more experienced.
You kill the tormentor!
Sif Muna accepts your kill.
A Hell Sentinel comes into view.
The dread lich touches you but does no damage. x2
You feel your intelligence returning.
Casting: Lehudib's Crystal Spear (dangerous; 1% risk of failure)
Confirm with . or Enter, or press ? or * to list all spells.
Aiming: Lehudib's Crystal Spear (dangerous; 1% risk of failure)
Press: ? - help, Shift-Dir - straight line, f - dread lich, p - dread lich
Aim: a dread lich (whirling frost, moderately damaged, 83% to hit)
The crystal spear hits the dread lich!!!
The dread lich is almost destroyed.
You destroy the dread lich!
Sif Muna accepts your kill.
You destroy the dread lich!
Sif Muna accepts your kill. The ancient lich completely misses you.
You feel your strength returning.
Your life force feels restored.
Casting: Lehudib's Crystal Spear (mildly dangerous; 1% risk of failure)
Confirm with . or Enter, or press ? or * to list all spells.
Aiming: Lehudib's Crystal Spear (mildly dangerous; 1% risk of failure)
Press: ? - help, Shift-Dir - straight line, f - Hell Sentinel
Aim: a Hell Sentinel (whirling frost, moderately wounded, 98% to hit)
The crystal spear hits the Hell Sentinel!!!!
The Hell Sentinel is almost dead.
You kill the Hell Sentinel!
Sif Muna accepts your kill.
You kill the tormentor!
Sif Muna accepts your kill. You block the ancient lich's attack.
A hellion comes into view.
The ancient lich touches you but does no damage.
Casting: Lehudib's Crystal Spear (mildly dangerous; 1% risk of failure)
Confirm with . or Enter, or press ? or * to list all spells.
Aiming: Lehudib's Crystal Spear (mildly dangerous; 1% risk of failure)
Press: ? - help, Shift-Dir - straight line, f - Hell Sentinel
Aim: a Hell Sentinel (whirling frost, moderately wounded, 98% to hit)
The crystal spear hits the Hell Sentinel!!!
The Hell Sentinel is severely wounded.
You destroy the ancient lich!
Sif Muna accepts your kill.
You kill the hellion!
Sif Muna accepts your kill.
The winds around you start to calm down.
You feel your intelligence returning.
Casting: Lehudib's Crystal Spear (mildly dangerous; 1% risk of failure)
Confirm with . or Enter, or press ? or * to list all spells.
Aiming: Lehudib's Crystal Spear (mildly dangerous; 1% risk of failure)
Press: ? - help, Shift-Dir - straight line, f/p - Hell Sentinel
Aim: a Hell Sentinel (whirling frost, almost dead, 98% to hit)
The crystal spear hits the Hell Sentinel!!!
You kill the Hell Sentinel!
Sif Muna accepts your kill. The winds around you calm down.
Magic restored.
You feel less invigorated.
A hellion comes into view.
Casting: Lehudib's Crystal Spear (mildly dangerous; 1% risk of failure)
Confirm with . or Enter, or press ? or * to list all spells.
Aiming: Lehudib's Crystal Spear (mildly dangerous; 1% risk of failure)
Press: ? - help, Shift-Dir - straight line, f - hellion
Aim: a hellion (wandering, hasn't noticed you, 83% to hit)
The crystal spear hits the hellion!!!!
You kill the hellion!
Sif Muna accepts your kill.
A Hell Sentinel comes into view.
A Hell Sentinel is nearby!
Casting: Lehudib's Crystal Spear (mildly dangerous; 1% risk of failure)
Confirm with . or Enter, or press ? or * to list all spells.
Aiming: Lehudib's Crystal Spear (mildly dangerous; 1% risk of failure)
Press: ? - help, Shift-Dir - straight line, f - Hell Sentinel
Aim: a Hell Sentinel (98% to hit)
The crystal spear hits the Hell Sentinel!!!
The Hell Sentinel is heavily wounded.
Casting: Lehudib's Crystal Spear (mildly dangerous; 1% risk of failure)
Confirm with . or Enter, or press ? or * to list all spells.
Aiming: Lehudib's Crystal Spear (mildly dangerous; 1% risk of failure)
Press: ? - help, Shift-Dir - straight line, f/p - Hell Sentinel
Aim: a Hell Sentinel (heavily wounded, 98% to hit)
The crystal spear hits the Hell Sentinel!!!!
You kill the Hell Sentinel!
Sif Muna accepts your kill.
An ancient champion comes into view. It is wielding a +3 great sword.
An ancient champion is nearby!
Casting: Lehudib's Crystal Spear (mildly dangerous; 1% risk of failure)
Confirm with . or Enter, or press ? or * to list all spells.
Aiming: Lehudib's Crystal Spear (mildly dangerous; 1% risk of failure)
Press: ? - help, Shift-Dir - straight line, f - ancient champion
Aim: an ancient champion, wielding a +3 great sword and wearing a +0 chain mail (wandering, hasn't noticed you, 87% to hit)
The crystal spear hits the ancient champion!!!!
You destroy the ancient champion!
Sif Muna accepts your kill.
Casting: Lehudib's Crystal Spear (mildly dangerous; 1% risk of failure)
Confirm with . or Enter, or press ? or * to list all spells.
You summon a servant imbued with your destructive magic!
Your spellforged servitor disappears in a puff of smoke!
An iron golem comes into view.
An iron golem is nearby!
Casting: Spellforged Servitor (mildly dangerous; 1% risk of failure)
Confirm with . or Enter, or press ? or * to list all spells.
You summon a servant imbued with your destructive magic!
The iron golem squeaks loudly.
Casting: Spellforged Servitor (mildly dangerous; 1% risk of failure)
Confirm with . or Enter, or press ? or * to list all spells.
You can't see any susceptible monsters within range! (Use Z to cast anyway.) Unknown command.
Your spellforged servitor points at the iron golem and mumbles some strange words.
The crystal spear hits the iron golem!!!
Casting: Spellforged Servitor (mildly dangerous; 1% risk of failure)
Confirm with . or Enter, or press ? or * to list all spells.
You can't see any susceptible monsters within range! (Use Z to cast anyway.) Unknown command.
Casting: Spellforged Servitor (mildly dangerous; 1% risk of failure)
Confirm with . or Enter, or press ? or * to list all spells.
Aiming: Lehudib's Crystal Spear (mildly dangerous; 1% risk of failure)
Press: ? - help, Shift-Dir - straight line, f - iron golem
Aim: an iron golem (moderately damaged, ally target, 94% to hit)
The crystal spear hits the iron golem!!!
The iron golem is moderately damaged.
You hear a loud squeak.
Your spellforged servitor gestures at the iron golem while chanting.
The crystal spear hits the iron golem!!!
The iron golem hits your spellforged servitor!!!
The iron golem hits your spellforged servitor but does no damage.
Your spellforged servitor gestures at the iron golem while chanting.
The crystal spear hits the iron golem!!!
You hear a loud squeak.
Casting: Lehudib's Crystal Spear (mildly dangerous; 1% risk of failure)
Confirm with . or Enter, or press ? or * to list all spells.
Aiming: Lehudib's Crystal Spear (mildly dangerous; 1% risk of failure)
Press: ? - help, Shift-Dir - straight line, f/p - iron golem
Aim: an iron golem (severely damaged, not watching you, ally target, 94% to hit)
The crystal spear hits the iron golem!!!
The iron golem is almost destroyed.
An iron golem is nearby!
An iron golem is nearby!
You hit the iron golem but do no damage.
The iron golem is almost destroyed.
Your spellforged servitor points at the iron golem and mumbles some strange words.
The crystal spear hits the iron golem!
The iron golem hits your spellforged servitor!!!
Your spellforged servitor is destroyed!
Your spellforged servitor disappears in a puff of smoke!
The iron golem squeaks loudly.
You hit the iron golem.
You bite the iron golem, but do no damage.
The iron golem is almost destroyed.
Casting: Lehudib's Crystal Spear (mildly dangerous; 1% risk of failure)
Confirm with . or Enter, or press ? or * to list all spells.
Aiming: Lehudib's Crystal Spear (mildly dangerous; 1% risk of failure)
Press: ? - help, Shift-Dir - straight line, f/p - iron golem
Aim: an iron golem (purple smoke, almost destroyed, 94% to hit)
The crystal spear hits the iron golem!!!
You destroy the iron golem!
Sif Muna accepts your kill.
You feel your intelligence returning.
An iron golem comes into view.
An iron golem is nearby!
Casting: Lehudib's Crystal Spear (mildly dangerous; 1% risk of failure)
Confirm with . or Enter, or press ? or * to list all spells.
You summon a servant imbued with your destructive magic!
Casting: Spellforged Servitor (mildly dangerous; 1% risk of failure)
Confirm with . or Enter, or press ? or * to list all spells.
Aiming: Lehudib's Crystal Spear (mildly dangerous; 1% risk of failure)
Press: ? - help, Shift-Dir - straight line, f - iron golem
Aim: an iron golem (ally target, 94% to hit)
The crystal spear hits the iron golem!!!
The iron golem is moderately damaged.
Casting: Lehudib's Crystal Spear (mildly dangerous; 1% risk of failure)
Confirm with . or Enter, or press ? or * to list all spells.
Aiming: Lehudib's Crystal Spear (mildly dangerous; 1% risk of failure)
Press: ? - help, Shift-Dir - straight line, f/p - iron golem
Aim: an iron golem (moderately damaged, ally target, 94% to hit)
The crystal spear hits the iron golem!!!
The iron golem is heavily damaged.
Your spellforged servitor gestures at the iron golem while chanting.
The crystal spear hits the iron golem!
Casting: Lehudib's Crystal Spear (mildly dangerous; 1% risk of failure)
Confirm with . or Enter, or press ? or * to list all spells.
Aiming: Lehudib's Crystal Spear (mildly dangerous; 1% risk of failure)
Press: ? - help, Shift-Dir - straight line, f/p - iron golem
Aim: an iron golem (heavily damaged, ally target, 94% to hit)
The crystal spear hits the iron golem!!!
The iron golem is severely damaged.
Casting: Lehudib's Crystal Spear (mildly dangerous; 1% risk of failure)
Confirm with . or Enter, or press ? or * to list all spells.
Aiming: Lehudib's Crystal Spear (mildly dangerous; 1% risk of failure)
Press: ? - help, Shift-Dir - straight line, f/p - iron golem
Aim: an iron golem (severely damaged, ally target, 94% to hit)
The crystal spear hits the iron golem!!!!
The iron golem is almost destroyed.
* * * LOW MAGIC WARNING * * *
The iron golem hits you!! You block the iron golem's attack.
Casting: Lehudib's Crystal Spear (mildly dangerous; 1% risk of failure)
Confirm with . or Enter, or press ? or * to list all spells.
Aiming: Lehudib's Crystal Spear (mildly dangerous; 1% risk of failure)
Press: ? - help, Shift-Dir - straight line, f/p - iron golem
Aim: an iron golem (almost destroyed, ally target, 94% to hit)
The crystal spear hits the iron golem!!!!
You destroy the iron golem!
Sif Muna accepts your kill.
* * * LOW MAGIC WARNING * * *
Your spellforged servitor disappears in a puff of smoke!
An iron golem comes into view.
An iron golem is nearby!
There is a gateway leading out of Dis here.
Casting: Lehudib's Crystal Spear (mildly dangerous; 1% risk of failure)
Confirm with . or Enter, or press ? or * to list all spells.
You summon a servant imbued with your destructive magic!
The iron golem squeaks loudly.
* * * LOW MAGIC WARNING * * *
Casting: Spellforged Servitor (mildly dangerous; 1% risk of failure)
Confirm with . or Enter, or press ? or * to list all spells.
Aiming: Lehudib's Crystal Spear (mildly dangerous; 1% risk of failure)
Press: ? - help, Shift-Dir - straight line, f - iron golem
Aim: an iron golem (ally target, 94% to hit)
The crystal spear hits the iron golem!!
The iron golem is lightly damaged.
* * * LOW MAGIC WARNING * * *
Your spellforged servitor points at the iron golem and mumbles some strange words.
The crystal spear hits the iron golem!!!
Casting: Lehudib's Crystal Spear (mildly dangerous; 1% risk of failure)
Confirm with . or Enter, or press ? or * to list all spells.
You don't have enough magic to cast this spell.
Unknown command.
You rampage towards the iron golem!
Your spellforged servitor casts a spell at the iron golem.
The crystal spear hits the iron golem!!!
Casting: Lehudib's Crystal Spear (mildly dangerous; 1% risk of failure)
Confirm with . or Enter, or press ? or * to list all spells.
You don't have enough magic to cast this spell.
Unknown command.
You barely miss the iron golem.
The iron golem is heavily damaged.
You hit the iron golem but do no damage.
The iron golem is heavily damaged.
You block the iron golem's attack. x2
You hit the iron golem but do no damage.
The iron golem is heavily damaged.
Your spellforged servitor gestures at the iron golem while chanting.
The crystal spear hits the iron golem!!!
You sock the iron golem!
The iron golem is severely damaged.
You block the iron golem's attack. x2
Casting: Lehudib's Crystal Spear (mildly dangerous; 1% risk of failure)
Confirm with . or Enter, or press ? or * to list all spells.
You don't know that spell.
Casting: Lehudib's Crystal Spear (mildly dangerous; 1% risk of failure)
Confirm with . or Enter, or press ? or * to list all spells.
Aiming: Lehudib's Crystal Spear (mildly dangerous; 1% risk of failure)
Press: ? - help, Shift-Dir - straight line, f/p - iron golem
Aim: an iron golem (severely damaged, ally target, 94% to hit)
The crystal spear misses the iron golem.
* * * LOW MAGIC WARNING * * *
The iron golem hits you but does no damage.
You block the iron golem's attack.
Your spellforged servitor casts a spell at the iron golem.
The crystal spear hits the iron golem!!!
You hit the iron golem but do no damage.
You bite the iron golem, but do no damage.
The iron golem is severely damaged.
You hit the iron golem but do no damage.
You bite the iron golem, but do no damage.
The iron golem is severely damaged.
The iron golem closely misses you. The iron golem hits you!
You hit the iron golem but do no damage.
The iron golem is severely damaged.
You block the iron golem's attack. The iron golem closely misses you.
Your spellforged servitor gestures at the iron golem while chanting.
The crystal spear hits the iron golem!!!
You hit the iron golem but do no damage.
The iron golem is almost destroyed.
You thump the iron golem!
You destroy the iron golem!
Sif Muna accepts your kill.
You swap places.
There is a gateway leading out of Dis here.
You start resting.
Your spellforged servitor disappears in a puff of smoke!
HP restored.
You start resting.
Magic restored.
Things that are here:
a +3 great sword; a +0 chain mail
There is a fountain of blood here.
A quicksilver elemental comes into view.
The quicksilver elemental moves out of view.
A quicksilver elemental is nearby!
A quicksilver elemental is nearby!
Casting: Lehudib's Crystal Spear (mildly dangerous; 1% risk of failure)
Confirm with . or Enter, or press ? or * to list all spells.
You summon a servant imbued with your destructive magic!
The quicksilver elemental breathes dispelling energy at you.
The bolt of dispelling energy hits you but does no damage.
Your spellforged servitor points at the quicksilver elemental and mumbles some strange words.
The crystal spear hits the quicksilver elemental!!!!
The quicksilver elemental is destroyed!
Sif Muna accepts your kill.
HP restored.
Found a stone staircase leading down.
There is an open door here.
Your spellforged servitor disappears in a puff of smoke!
An iron golem comes into view.
There is an open door here.
There is a stone staircase leading down here.
Casting: Spellforged Servitor (mildly dangerous; 1% risk of failure)
Confirm with . or Enter, or press ? or * to list all spells.
You summon a servant imbued with your destructive magic!
Casting: Spellforged Servitor (mildly dangerous; 1% risk of failure)
Confirm with . or Enter, or press ? or * to list all spells.
Aiming: Lehudib's Crystal Spear (mildly dangerous; 1% risk of failure)
Press: ? - help, Shift-Dir - straight line, f - iron golem
Aim: an iron golem (ally target, 94% to hit)
The crystal spear hits the iron golem!!!
The iron golem is moderately damaged.
Your spellforged servitor casts a spell at the iron golem.
The crystal spear hits the iron golem!!!
Casting: Lehudib's Crystal Spear (mildly dangerous; 1% risk of failure)
Confirm with . or Enter, or press ? or * to list all spells.
Aiming: Lehudib's Crystal Spear (mildly dangerous; 1% risk of failure)
Press: ? - help, Shift-Dir - straight line, f/p - iron golem
Aim: an iron golem (moderately damaged, ally target, 94% to hit)
The crystal spear hits the iron golem!!!
The iron golem is severely damaged.
Casting: Lehudib's Crystal Spear (mildly dangerous; 1% risk of failure)
Confirm with . or Enter, or press ? or * to list all spells.
Aiming: Lehudib's Crystal Spear (mildly dangerous; 1% risk of failure)
Press: ? - help, Shift-Dir - straight line, f/p - iron golem
Aim: an iron golem (severely damaged, ally target, 94% to hit)
The crystal spear hits the iron golem!!!
The iron golem is severely damaged.
Your spellforged servitor casts a spell at the iron golem.
The crystal spear hits the iron golem!!!!
The iron golem is destroyed!
Sif Muna accepts your kill.
You start resting.
Your spellforged servitor disappears in a puff of smoke!
HP restored.
You start resting.
Magic restored.
You fly downwards.
You feel so tired, so weak... it would be so nice to just lie down... forever...
There is a gateway leading out of Dis here.
Casting: Lehudib's Crystal Spear (mildly dangerous; 1% risk of failure)
Confirm with . or Enter, or press ? or * to list all spells.
You summon a servant imbued with your destructive magic!
The Hell Sentinel roars! x2
Casting: Spellforged Servitor (mildly dangerous; 1% risk of failure)
Confirm with . or Enter, or press ? or * to list all spells.
Aiming: Lehudib's Crystal Spear (mildly dangerous; 1% risk of failure)
Press: ? - help, Shift-Dir - straight line, f - iron dragon
Aim: an iron dragon (ally target, 92% to hit)
The crystal spear hits the iron dragon!!!!
You feel better.
The iron dragon is severely wounded.
The iron dragon breathes metal splinters at you.
The spray of metal splinters misses you.
The spray of metal splinters hits your spellforged servitor!
The Hell Sentinel gestures at you.
The sphere of damnation explodes!
The damnation engulfs you!!
The damnation engulfs your spellforged servitor!!
You hear a roar! x2
Casting: Lehudib's Crystal Spear (mildly dangerous; 1% risk of failure)
Confirm with . or Enter, or press ? or * to list all spells.
Aiming: Lehudib's Crystal Spear (mildly dangerous; 1% risk of failure)
Press: ? - help, Shift-Dir - straight line, f/p - iron dragon
Aim: an iron dragon (severely wounded, catching its breath, 92% to hit)
The crystal spear hits the iron dragon!!!
You feel better.
You kill the iron dragon!
Sif Muna accepts your kill.
A Hell Sentinel opens the door.
Casting: Lehudib's Crystal Spear (mildly dangerous; 1% risk of failure)
Confirm with . or Enter, or press ? or * to list all spells.
Aiming: Lehudib's Crystal Spear (mildly dangerous; 1% risk of failure)
Press: ? - help, Shift-Dir - straight line, f - Hell Sentinel
Aim: a Hell Sentinel (98% to hit)
The crystal spear hits the Hell Sentinel!!!
The Hell Sentinel is moderately wounded.
The Hell Sentinel gestures at you. You block the iron shot.
Casting: Lehudib's Crystal Spear (mildly dangerous; 1% risk of failure)
Confirm with . or Enter, or press ? or * to list all spells.
Aiming: Lehudib's Crystal Spear (mildly dangerous; 1% risk of failure)
Press: ? - help, Shift-Dir - straight line, f/p - Hell Sentinel
Aim: a Hell Sentinel (moderately wounded, 98% to hit)
The crystal spear hits the Hell Sentinel!!
The Hell Sentinel is heavily wounded.
Your spellforged servitor casts a spell at the Hell Sentinel.
The crystal spear hits the Hell Sentinel!!!
The Hell Sentinel gestures at you.
The sphere of damnation explodes!
The damnation engulfs you!!
The damnation engulfs your spellforged servitor!!!
You hear a roar!
Casting: Lehudib's Crystal Spear (mildly dangerous; 1% risk of failure)
Confirm with . or Enter, or press ? or * to list all spells.
Okay, then.
Casting: Shatter (dangerous; 22% risk of failure)
Confirm with . or Enter, or press ? or * to list all spells.
Your spellforged servitor blinks!
The Hell Sentinel blinks!
* * * LOW MAGIC WARNING * * *
The Hell Sentinel blinks!
Unknown command.
Casting: Disjunction (mildly dangerous; 1% risk of failure)
Confirm with . or Enter, or press ? or * to list all spells.
You don't know that spell.
The Hell Sentinel blinks!
The Hell Sentinel gestures at you.
The sphere of damnation explodes!
The damnation engulfs you!!!
* * * LOW HITPOINT WARNING * * *
You fly up through the gate.
Welcome back to the Vestibule of Hell!
There is a gateway to the Iron City of Dis here.
You start resting.
The translocation energy dissipates.
You start resting.
Magic restored.
You start resting.
HP restored.
You fly down through the gate.
Welcome back to the Iron City of Dis!
This branch contains the iron rune of Zot.
Something frightening happens.
HP restored.
You feel drained.
There is a gateway leading out of Dis here.
There is an open door here.
There is an open door here.
There is an open door here.
There is an open door here.
There is an open door here.
There is an open door here.
There is an open door here.
There is a stone staircase leading down here.
You fly downwards. "We have you now!"
HP restored.
You feel drained.
There is a gateway leading out of Dis here.
There is an open door here.
You reach down and open the door.
There is an open door here.
You reach down and open the door.
There is an open door here.
There is a stone staircase leading down here.
You fly downwards.
You taste blood in your mouth.
It's definitely not yours.
Your body decomposes!
You feel dopey.
There is a gateway leading out of Dis here.
There is an open door here.
There is an open door here.
There is an open door here.
There is a large open door here.
Things that are here:
a caustic shrike skeleton; a caustic shrike skeleton; a caustic shrike skeleton You see here a +0 great mace of protection.
You can't go down here!
The caustic shrike screeches!
A caustic shrike comes into view.
There is a stone staircase leading down here.
You block the caustic shrike's attack.
You fly downwards. "We do not forgive those who trespass against us!"
There is a gateway leading out of Dis here.
Things that are here:
a +0 chain mail; a +3 great sword of draining You see here a caustic shrike skeleton.
There is an open door here.
You see here a +1 flail of draining.
There is a stone staircase leading down here.
You fly downwards.
You feel totally surrounded, and yet so utterly alone...
You feel weakened.
There is a gateway leading out of Dis here.
There is an open door here.
There is a stone staircase leading down here.
Okay, then.
You fly downwards. "Abandon all hope!"
Your body decomposes!
You feel weakened. The Hell Sentinel gestures at you. You block the iron shot.
There is a gateway leading out of Dis here.
A great freezing vortex appears around you.
The Hell Sentinel gestures at you.
The sphere of damnation explodes!
The damnation engulfs you!!!
The damnation engulfs the Hell Sentinel.
The Hell Sentinel completely resists.
The damnation engulfs the Hell Sentinel.
The Hell Sentinel completely resists.
The Hell Sentinel gestures at you.
The sphere of damnation explodes!
The damnation engulfs the Hell Sentinel.
The Hell Sentinel completely resists.
The damnation engulfs you!!
The damnation engulfs the Hell Sentinel.
The Hell Sentinel completely resists.
You hear a roar! x2
Unknown command.
Cast which spell? (? or * to list)
The Hell Sentinel blinks! x3
* * * LOW HITPOINT WARNING * * *
The Hell Sentinel gestures at you.
The sphere of damnation explodes!
The damnation engulfs you!!
* * * LOW HITPOINT WARNING * * *
The Hell Sentinel gestures at you.
The sphere of damnation explodes!
The damnation engulfs you!!!
* * * LOW HITPOINT WARNING * * *
The Hell Sentinel gestures at you.
The sphere of damnation explodes!
The damnation engulfs you!!
You die...

#.........#
#.........#
#.........#
#.........+
#§§§§§§1..#
#§§§§§§..^#
#§§§§§§..1#
#§§z§§§1..#
#§§§§§§...#
####§###+##
1# .+ .# .#
##


You could see 4 Hell Sentinels.

Vanquished Creatures
  Asmodeus (Geh:7)
  Antaeus (Coc:7)
  the Royal Jelly (Slime:5)
  Ereshkigal (Tar:7)
  7 dread liches
  5 ancient liches
  5 orbs of fire (Zot:5)
  The ghost of Yrobre the Slayer, a legendary MiHu of Hepliaklqana (Zot:4)
  The ghost of Raguh the Slayer, a veteran OnBe of Trog (Zot:2)
  3 juggernauts
  15 Killer Klowns
  Vv (Zot:2)
  Boris (Depths:2)
  14 shard shrikes
  Saint Roka (Depths:2)
  3 curse toes
  Margery (Crypt:3)
  Geryon (Hell)
  14 caustic shrikes
  11 golden dragons
  Nikola (Spider:2)
  15 profane servitors
  13 bone dragons
  Norris (Vaults:3)
  10 Tzitzimimeh
  3 doom hounds
  2 electric golems (Zot:5)
  6 Brimstone Fiends
  An iron giant (Dis:2)
  4 hellephants
  18 tentacled monstrosities
  3 spectral shard shrikes
  9 Ice Fiends
  A walking crystal tome (Depths:3)
  Zenata (Crypt:3)
  8 liches
  7 Hell Sentinels
  8 quicksilver dragons
  4 deep elf blademasters
  22 acid blobs
  23 tainted leviathans
  A walking frostbound tome (Depths:3)
  Mlioglotl (Shoals:2)
  5 deep elf master archers
  25 Orb Guardians (Zot:5)
  7 sphinxes
  2 krakens
  12 titans
  9 searing wretches
  8 death cobs
  3 walking divine tomes
  2 Executioners (Abyss:4)
  Frances (Shoals:2)
  12 ancient champions
  2 tentacled starspawn
  19 storm dragons
  The ghost of retardedninja the Warrior, an adept CoFi of Hepliaklqana (Spider:2)
  12 protean progenitors
  Kirke (Lair:4)
  6 tengu reavers
  A revenant (Crypt:1)
  13 shadow dragons
  Ilsuiw (Shoals:3)
  10 draconian monks
  3 quicksilver elementals
  13 azure jellies
  3 narguns
  6 emperor scorpions
  18 frost giants
  6 iron dragons
  14 fire giants
  10 deep elf sorcerers
  9 draconian knights
  16 rockslimes
  A caustic shrike zombie (Crypt:2)
  7 ghost moths
  3 orc warlords
  6 draconian scorchers
  11 shard shrike simulacra
  2 spectral caustic shrikes
  9 draconian shifters
  5 imperial myrmidons (Desolation)
  A spectral juggernaut (Tar:2)
  A curse skull (Crypt:1)
  A juggernaut zombie (Abyss:3)
  14 vault wardens
  9 draconian annihilators
  12 quicksilver oozes
  8 balrugs
  6 reapers
  18 ironbound preservers
  2 deep elf elementalists (Elf:3)
  6 ghouls
  25 very ugly things
  2 cacodemons
  A spriggan defender (Depths:3)
  8 ironbound thunderhulks
  10 formless jellyfish
  A caustic shrike skeleton (Abyss:4)
  8 stone giants
  8 draconian stormcallers
  10 vampire knights
  Nessos (D:15)
  A juggernaut skeleton (Crypt:3)
  12 putrid mouths
  24 elemental wellsprings
  10 dire elephants (Vaults:2)
  A rockslime zombie (Crypt:2)
  17 red draconians
  17 green draconians
  11 deep elf demonologists
  17 white draconians
  12 wendigos
  A minotaur (Gauntlet)
  18 black draconians
  10 deep elf annihilators
  11 deep elf death magi
  13 spark wasps
  2 lorocyprocas
  9 war gargoyles
  A spectral titan (Tar:4)
  A halazid warlock (Desolation)
  17 purple draconians
  17 yellow draconians
  9 eidola
  9 iron golems
  25 ettins
  7 merfolk javelineers
  4 jiangshi
  6 crystal guardians
  7 merfolk impalers
  4 blizzard demons
  A quicksilver dragon zombie (Crypt:2)
  The ghost of asd2613 the Grappler, a journeyman TrGl of the Shining One (D:11)
  10 fire dragons
  2 green deaths
  2 spectral spriggans
  6 entropy weavers
  Josephine (D:14)
  17 yaktaur captains
  4 ragged hierophants (Desolation)
  6 rakshasas
  7 deep elf high priests
  5 salamander tyrants
  8 servants of whispers (Desolation)
  9 great orbs of eyes
  6 caustic shrike simulacra
  40 vault guards
  7 ironbound frosthearts
  4 hydras
  5 spriggan air magi
  10 peacekeepers
  A spriggan zombie (Crypt:2)
  4 juggernaut simulacra
  A quicksilver dragon skeleton (Crypt:3)
  2 hell beasts (Hell)
  2 jorogumos
  3 alligator snapping turtles
  4 merfolk avatars (Shoals:4)
  9 centaur warriors
  13 ice dragons
  An Orb Guardian zombie (Crypt:2)
  An alligator (Zot:1)
  4 deep troll shamans
  5 ogre magi
  3 radroaches
  29 dancing weapons
  3 stokers
  4 merfolk aquamancers (Shoals:4)
  11 boulder beetles
  7 satyrs
  5 tengu warriors
  3 spriggan berserkers
  9 death yaks
  11 deep troll earth magi
  20 hell hogs
  A spectral naga (Tar:4)
  3 thrashing horrors
  16 two-headed ogres
  5 occultists
  3 spectral dire elephants
  3 orc high priests
  25 hell knights
  12 sun demons
  11 demonic crawlers
  A naga warrior (Abyss:3)
  2 titan zombies (Crypt:2)
  7 vampire magi
  A shock serpent (shapeshifter) (Vaults:5)
  A crystal echidna (Dis:1)
  10 soul eaters
  10 iron trolls
  19 deep elf knights
  A wretched star (Abyss:3)
  2 golden dragon zombies
  A fire crab (D:15)
  16 sea snakes
  6 sixfirhies
  3 quicksilver dragon simulacra
  8 skysharks
  2 death drakes (Depths:4)
  6 pharaoh ants
  2 spectral anacondas (Tar:4)
  38 deep trolls
  8 shadow wraiths
  12 glowing orange brains
  A spectral iron dragon (Tar:1)
  A shadow demon (Abyss:4)
  34 skeletal warriors
  2 bunyip zombies
  2 goliath frogs (Zot:1)
  2 anaconda zombies (Hell)
  12 orb spiders
  A swamp dragon (shapeshifter) (Vaults:5)
  2 obsidian statues
  6 bog bodies
  An orb spider (shapeshifter) (Depths:3)
  7 flayed ghosts
  A bunyip skeleton (Crypt:3)
  A sea snake (shapeshifter) (D:15)
  15 deep elf archers
  An anaconda skeleton (Hell)
  7 spriggan simulacra
  4 arcanists
  2 orange crystal statues
  23 ironbound convokers
  2 thermic dynamos (Elf:2)
  An obsidian bat (Orc:1)
  26 wolf spiders
  A spectral hydra (Tar:1)
  8 large abominations
  9 lindwurms
  14 starcursed masses
  8 steelbarb worms
  19 necromancers
  14 orc knights
  An eye of devastation (shapeshifter) (Depths:3)
  14 phantasmal warriors
  32 deep elf zephyrmancers
  2 oklob plants (Shoals:4)
  26 harpies
  An alligator zombie (Hell)
  6 shining eyes
  41 deep elf pyromancers
  3 orc sorcerers
  8 fauns
  A salamander (Abyss:3)
  22 manticores
  A meliai (Spider:4)
  40 ugly things
  A fire giant skeleton (Vaults:2)
  24 moths of wrath
  15 merfolk sirens
  12 black mambas
  14 cyclopes
  An elephant (shapeshifter) (Elf:3)
  8 elephants
  103 slime creatures
  10 molten gargoyles
  A naga mage (Abyss:3)
  3 centaur zombies
  A black mamba (shapeshifter) (Elf:2)
  7 torpor snails
  25 vault sentinels
  A cane toad (shapeshifter) (Elf:3)
  2 water nymphs (shapeshifter) (Vaults:5)
  4 gargoyles (Volcano)
  3 kobold blastminers
  9 water nymphs
  3 titan simulacra
  2 guardian serpents (Desolation)
  4 ice statues (Coc:6)
  An orange demon (Hell)
  17 cane toads
  12 smoke demons
  An alligator snapping turtle zombie (Crypt:2)
  A centaur skeleton (Crypt:3)
  2 eyes of devastation (Slime:5)
  5 unseen horrors
  An unseen horror (shapeshifter) (Elf:1)
  16 hellions
  A black draconian zombie (Crypt:2)
  A dire elephant skeleton (Crypt:3)
  6 freezing wraiths
  7 rime drakes
  12 komodo dragons
  A sea snake skeleton (Hell)
  28 yaktaurs
  A kobold demonologist (Elf:1)
  2 ice devils
  4 guardian mummies (Zot:1)
  13 tormentors
  5 tengu conjurers
  4 anaconda simulacra
  An efreet (Abyss:4)
  A grey draconian skeleton (Crypt:2)
  A minotaur skeleton (Crypt:1)
  4 silent spectres
  5 spectral harpies
  8 wind drakes
  An iron troll zombie (Crypt:1)
  3 polar bears
  2 red devils (Hell)
  2 queen bees
  10 trolls
  5 ancient zymes
  2 harpy zombies
  4 hornets
  4 hellwings
  36 merfolk
  3 hydra zombies (Hell)
  A merfolk (shapeshifter) (Vaults:5)
  A wolf spider simulacrum (D:15)
  27 blink frogs
  50 saltlings (Desolation)
  4 harpy skeletons
  17 dream sheep
  A hydra skeleton (Hell)
  A snapping turtle (shapeshifter) (Depths:3)
  11 snapping turtles
  15 raiju
  5 glass eyes
  25 tarantellas
  A fire dragon zombie (Crypt:3)
  4 iron dragon simulacra
  16 jumping spiders
  4 ettin zombies
  A guardian serpent zombie (Crypt:1)
  A stone giant simulacrum (Vaults:2)
  A black mamba zombie (Crypt:3)
  2 shadows
  An ice dragon skeleton (Crypt:1)
  11 wraiths
  5 air elementals
  14 culicivoras
  4 spriggan skeletons
  2 vampires
  A yak (shapeshifter) (Lair:5)
  17 water elementals
  A culicivora (shapeshifter) (Depths:2)
  4 spriggans
  50 yaks
  6 wyverns
  4 dire elephant simulacra
  A naga simulacrum (Coc:7)
  2 fire elementals (Elf:3)
  7 ynoxinuls
  4 hogs (Lair:4)
  3 fire bats (D:12)
  15 vampire mosquitoes
  2 steam dragons
  13 basilisks
  4 wargs
  46 redbacks
  6 golden eyes
  A neqoxec (Abyss:4)
  2 naga zombies
  2 chaos spawn
  3 elf skeletons
  14 harpy simulacra
  3 hell hounds
  7 acid dragons
  3 hydra simulacra
  15 water moccasins
  15 orc warriors
  A glowing shapeshifter skeleton (Vaults:2)
  2 naga skeletons (Crypt:2)
  2 redbacks (shapeshifter) (Depths:3)
  4 black bears
  An ice beast (D:6)
  51 laughing skulls
  3 ettin simulacra
  28 ogres
  A crocodile (Sewer)
  A hornet zombie (Crypt:1)
  4 boggarts
  28 wolves
  7 centaurs
  A human skeleton (Vaults:2)
  3 weeping skulls
  An elephant skeleton (Crypt:2)
  5 kobold brigands
  13 bullfrogs
  2 gnoll sergeants
  7 earth elementals
  4 brain worms
  A warg zombie (Crypt:2)
  13 scorpions
  A glowing shapeshifter simulacrum (Depths:1)
  7 water moccasin zombies (Ossuary)
  15 small abominations
  32 killer bees
  7 electric eels
  A vampire bat (D:12)
  4 crimson imps (D:4)
  13 howler monkeys
  3 bombardier beetles
  8 hounds
  A bullfrog zombie (Crypt:1)
  9 jellies
  2 quasits
  A spectral scorpion (Ossuary)
  18 orc priests
  A bullfrog skeleton (Crypt:1)
  3 sleepcaps
  An iron imp (Abyss:4)
  Terence (D:3)
  Jessica (D:3)
  An iguana (D:6)
  20 orc wizards
  8 hell rats (Lair:5)
  2 crocodile zombies (Ossuary)
  An ogre zombie (Crypt:2)
  An acid dragon zombie (Crypt:1)
  3 mummies
  12 gnolls
  9 adders
  8 river rats
  2 shadow imps (D:6)
  6 white imps
  4 ufetubi
  2 adder zombies (Ossuary)
  A dart slug (D:3)
  5 ribbon worms
  52 orcs
  11 ball pythons
  A bat skeleton (Crypt:1)
  11 endoplasms
  11 giant cockroaches
  8 gnoll zombies (Ossuary)
  6 goblins
  5 hobgoblins
  9 jackals
  2 quokkas
  7 bats
  12 frilled lizards
  A goblin skeleton (Crypt:1)
  5 jackal zombies (Ossuary)
  19 kobolds
  2 orc zombies (Ossuary)
  17 rats
  A rat zombie (Crypt:2)
  5 aspiring fleshes
  4 butterflies (Zot:1)
  A creeping inferno (Geh:1)
  A lurking horror (Abyss:4)
  A starspawn tentacle (Abyss:4)
  8 tentacles
3514 creatures vanquished.

Vanquished Creatures (collateral kills)
  the Serpent of Hell (Coc:7)
  An ancient lich (Coc:5)
  6 shard shrikes
  Parghit (Zot:4)
  3 caustic shrikes
  4 bone dragons
  2 profane servitors
  2 Tzitzimimeh (Tar:7)
  4 Brimstone Fiends (Geh:7)
  3 hellephants
  6 tainted leviathans
  7 Ice Fiends
  5 titans
  3 ancient champions (Dis:4)
  8 searing wretches
  A storm dragon (Zot:4)
  5 fire giants
  4 narguns
  3 quicksilver elementals
  11 balrugs
  A spectral caustic shrike (Tar:1)
  A shard shrike simulacrum (Coc:7)
  A reaper (Tar:4)
  7 putrid mouths
  2 elemental wellsprings
  7 wendigos
  2 war gargoyles (Dis:4)
  3 iron golems
  A merfolk javelineer (Shoals:3)
  7 salamander tyrants
  5 caustic shrike simulacra
  3 ice dragons (Coc:7)
  3 juggernaut simulacra
  2 stokers (Geh:7)
  8 hell hogs
  2 spectral dire elephants (Tar:1)
  A soul eater (Depths:4)
  2 spectral storm dragons (Tar:1)
  2 crystal echidnas
  A wretched star (Abyss:1)
  A glowing orange brain (Abyss:4)
  A spriggan simulacrum (Coc:7)
  2 quicksilver dragon simulacra
  A spectral anaconda (Tar:5)
  A spectral iron dragon (Tar:2)
  A wolf spider (Spider:1)
  A manticore (Shoals:3)
  A moth of wrath (Zot:4)
  2 large abominations (Abyss:4)
  A guardian serpent (Abyss:3)
  5 molten gargoyles (Geh:7)
  3 titan simulacra
  A cane toad (Lair:1)
  A torpor snail (Spider:1)
  A smoke demon (Abyss:3)
  6 tormentors
  4 spectral swamp worms (Tar:7)
  2 hellions
  A freezing wraith (Coc:7)
  An efreet (Abyss:4)
  3 anaconda simulacra
  A spectral naga (Tar:1)
  An iron giant simulacrum (Coc:7)
  2 hellwings (Abyss:3)
  A tengu simulacrum (Coc:1)
  A raiju (Abyss:3)
  2 stone giant simulacra (Coc:2)
  A centaur simulacrum (Coc:2)
  2 jumping spiders (Spider:1)
  A dire elephant simulacrum (Coc:1)
  A wyvern (Lair:1)
  A yak (Lair:1)
  An alligator snapping turtle simulacrum (Coc:2)
  4 starcursed masses
  A harpy simulacrum (Coc:1)
  A naga (Abyss:3)
  2 ettin simulacra
  A naga simulacrum (Coc:7)
  An ufetubus (Abyss:1)
  6 creeping infernos
  6 fire vortices
  42 foxfires
260 creatures vanquished.

Vanquished Creatures (others)
  A ghost moth (Zot:3)
  A lorocyproca (Hell)
  A wendigo (Coc:4)
  A deep elf annihilator (Elf:2)
  A caustic shrike simulacrum (Coc:5)
  3 juggernaut simulacra
  A hell hog (Geh:4)
  A hell knight (Vaults:5)
  A sun demon (Abyss:4)
  A quicksilver dragon simulacrum (Coc:5)
  A phantasmal warrior (Vaults:5)
  An ugly thing (D:6)
  A cane toad (Lair:1)
  A storm dragon simulacrum (Coc:1)
  An anaconda simulacrum (Coc:1)
  A golden dragon simulacrum (Coc:2)
  An ancient zyme (Abyss:3)
  A saltling (Desolation)
  2 dire elephant simulacra
  2 harpy simulacra
  3 small abominations
  An orc priest (D:10)
  A butterfly (Zot:1)
  A creeping inferno (Geh:7)
  21 fire vortices
  2480 foxfires
  A lurking horror (Abyss:4)
  6 starspawn tentacles
  7 tentacles
2545 creatures vanquished.

Grand Total: 6319 creatures vanquished

Notes
Turn   | Place    | Note
-------+----------+-------------------------------------------
     0 | D:1      | sleeves the Gnoll Fire Elementalist began the quest for the
                  | Orb.
     0 | D:1      | Reached XP level 1. HP: 13/13 MP: 6/6
   127 | D:1      | Reached skill level 2 in Conjurations
   264 | D:1      | Reached XP level 2. HP: 19/19 MP: 7/7
   751 | D:1      | Reached skill level 5 in Spellcasting
   751 | D:1      | Reached XP level 3. HP: 25/25 MP: 7/9
  1328 | D:2      | Reached skill level 1 in Invocations
  1536 | D:2      | Found Qunood's Armour Boutique.
  1736 | D:2      | Found Xaps's Assorted Antiques.
  1760 | D:2      | Found Relith's Weapon Shop.
  1817 | D:2      | Found Amog's Antique Weapon Boutique.
  2194 | D:2      | Learned a level 2 spell: Scorch
  2271 | D:3      | Reached skill level 1 in Fighting
  2271 | D:3      | Reached skill level 1 in Short Blades
  2271 | D:3      | Reached skill level 1 in Long Blades
  2271 | D:3      | Reached skill level 1 in Axes
  2271 | D:3      | Reached skill level 1 in Maces & Flails
  2271 | D:3      | Reached skill level 1 in Polearms
  2271 | D:3      | Reached skill level 1 in Staves
  2271 | D:3      | Reached skill level 1 in Ranged Weapons
  2271 | D:3      | Reached skill level 1 in Throwing
  2271 | D:3      | Reached skill level 1 in Armour
  2271 | D:3      | Reached skill level 1 in Shields
  2271 | D:3      | Reached skill level 1 in Unarmed Combat
  2271 | D:3      | Reached skill level 1 in Evocations
  2271 | D:3      | Reached skill level 1 in Shapeshifting
  2271 | D:3      | Reached XP level 4. HP: 18/32 MP: 3/11
  2358 | D:3      | Noticed Terence
  2387 | D:3      | Reached skill level 1 in Hexes
  2387 | D:3      | Reached skill level 1 in Summonings
  2387 | D:3      | Reached skill level 1 in Necromancy
  2387 | D:3      | Reached skill level 1 in Translocations
  2387 | D:3      | Reached skill level 1 in Ice Magic
  2387 | D:3      | Reached skill level 1 in Air Magic
  2387 | D:3      | Reached skill level 1 in Earth Magic
  2387 | D:3      | Reached skill level 1 in Alchemy
  2633 | D:3      | Found an ornate altar of the Wu Jian Council.
  2638 | D:3      | Noticed Jessica
  2642 | D:3      | Killed Jessica
  2643 | D:3      | Reached XP level 5. HP: 37/37 MP: 7/12
  2899 | D:3      | Killed Terence
  3112 | D:3      | Found a blossoming altar of Fedhas.
  3304 | D:4      | Found a shimmering altar of Xom.
  3352 | D:4      | Reached skill level 2 in Invocations
  3411 | D:4      | Reached XP level 6. HP: 38/44 MP: 14/14
  3735 | D:4      | Reached skill level 2 in Fighting
  3735 | D:4      | Reached skill level 2 in Short Blades
  3735 | D:4      | Reached skill level 2 in Long Blades
  3735 | D:4      | Reached skill level 2 in Axes
  3735 | D:4      | Reached skill level 2 in Maces & Flails
  3735 | D:4      | Reached skill level 2 in Polearms
  3735 | D:4      | Reached skill level 2 in Staves
  3735 | D:4      | Reached skill level 2 in Ranged Weapons
  3735 | D:4      | Reached skill level 2 in Throwing
  3735 | D:4      | Reached skill level 2 in Armour
  3735 | D:4      | Reached skill level 5 in Dodging
  3735 | D:4      | Reached skill level 2 in Shields
  3735 | D:4      | Reached skill level 2 in Unarmed Combat
  3735 | D:4      | Reached skill level 2 in Evocations
  3842 | D:4      | Noticed a black bear
  3849 | D:4      | Killed a black bear
  3850 | D:4      | Reached skill level 2 in Shapeshifting
  4082 | D:4      | Found a runed translucent door.
  4083 | D:4      | Noticed Crazy Yiuf
  4137 | D:4      | Reached XP level 7. HP: 45/50 MP: 15/15
  4547 | D:5      | Entered Level 5 of the Dungeon
  4587 | D:5      | Reached skill level 2 in Hexes
  4587 | D:5      | Reached skill level 2 in Summonings
  4587 | D:5      | Reached skill level 2 in Necromancy
  4587 | D:5      | Reached skill level 2 in Translocations
  4587 | D:5      | Reached skill level 2 in Ice Magic
  4587 | D:5      | Reached skill level 2 in Air Magic
  4587 | D:5      | Reached skill level 2 in Earth Magic
  4587 | D:5      | Reached skill level 2 in Alchemy
  4642 | D:5      | Reached skill level 3 in Conjurations
  4646 | D:5      | Reached skill level 5 in Stealth
  4646 | D:5      | Reached skill level 3 in Invocations
  4887 | D:5      | Reached skill level 6 in Fire Magic
  4945 | D:5      | Reached skill level 3 in Fighting
  4945 | D:5      | Reached skill level 3 in Short Blades
  4945 | D:5      | Reached skill level 3 in Long Blades
  4945 | D:5      | Reached skill level 3 in Axes
  4945 | D:5      | Reached skill level 3 in Maces & Flails
  4945 | D:5      | Reached skill level 3 in Polearms
  4945 | D:5      | Reached skill level 3 in Staves
  4945 | D:5      | Reached skill level 3 in Ranged Weapons
  4945 | D:5      | Reached skill level 3 in Throwing
  4945 | D:5      | Reached skill level 3 in Armour
  4945 | D:5      | Reached skill level 3 in Shields
  4945 | D:5      | Reached skill level 3 in Unarmed Combat
  4945 | D:5      | Reached skill level 3 in Evocations
  4945 | D:5      | Reached XP level 8. HP: 58/58 MP: 11/16
  4982 | D:5      | Found a glowing drain.
  5052 | Sewer    | Entered a sewer
  5355 | Sewer    | Reached skill level 6 in Spellcasting
  5430 | Sewer    | Reached skill level 3 in Shapeshifting
  6424 | D:5      | Reached skill level 4 in Invocations
  6801 | D:6      | Reached skill level 3 in Hexes
  6801 | D:6      | Reached skill level 3 in Summonings
  6801 | D:6      | Reached skill level 3 in Necromancy
  6801 | D:6      | Reached skill level 3 in Translocations
  6801 | D:6      | Reached skill level 3 in Ice Magic
  6801 | D:6      | Reached skill level 3 in Air Magic
  6801 | D:6      | Reached skill level 3 in Earth Magic
  6801 | D:6      | Reached skill level 3 in Alchemy
  6943 | D:6      | Reached skill level 6 in Dodging
  6987 | D:6      | Found a sand-covered staircase.
  7071 | Ossuary  | Entered an ossuary
  7123 | Ossuary  | Reached XP level 9. HP: 46/65 MP: 5/18
  7125 | Ossuary  | HP: 28/65 [crocodile zombie (7)]
  7134 | Ossuary  | HP: 28/65 [gnoll zombie (3)]
  7280 | Ossuary  | Reached skill level 4 in Fighting
  7280 | Ossuary  | Reached skill level 4 in Short Blades
  7280 | Ossuary  | Reached skill level 4 in Long Blades
  7280 | Ossuary  | Reached skill level 4 in Axes
  7280 | Ossuary  | Reached skill level 4 in Maces & Flails
  7280 | Ossuary  | Reached skill level 4 in Polearms
  7280 | Ossuary  | Reached skill level 4 in Staves
  7280 | Ossuary  | Reached skill level 4 in Ranged Weapons
  7280 | Ossuary  | Reached skill level 4 in Throwing
  7280 | Ossuary  | Reached skill level 4 in Armour
  7280 | Ossuary  | Reached skill level 4 in Shields
  7280 | Ossuary  | Reached skill level 4 in Unarmed Combat
  7280 | Ossuary  | Reached skill level 4 in Conjurations
  7280 | Ossuary  | Reached skill level 4 in Evocations
  7440 | Ossuary  | Reached skill level 6 in Stealth
  7988 | D:6      | Reached skill level 4 in Shapeshifting
  8554 | D:7      | Found a shadowy altar of Dithmenos.
  8567 | D:7      | Reached skill level 5 in Invocations
  8569 | D:6      | HP: 30/66 [poisoned by a killer bee]
  8916 | D:7      | Reached skill level 7 in Spellcasting
  9098 | D:7      | Reached skill level 4 in Hexes
  9098 | D:7      | Reached skill level 4 in Summonings
  9098 | D:7      | Reached skill level 4 in Necromancy
  9098 | D:7      | Reached skill level 4 in Translocations
  9098 | D:7      | Reached skill level 4 in Ice Magic
  9098 | D:7      | Reached skill level 4 in Air Magic
  9098 | D:7      | Reached skill level 4 in Earth Magic
  9098 | D:7      | Reached skill level 4 in Alchemy
  9150 | D:7      | Found a staircase to the Ecumenical Temple.
  9195 | Temple   | Entered the Ecumenical Temple
  9209 | Temple   | Became a worshipper of Sif Muna the Loreminder
  9337 | D:7      | Found a glowing golden altar of the Shining One.
  9409 | D:7      | Found Xixosodwe's Jewellery Boutique.
  9617 | D:7      | Reached skill level 5 in Fighting
  9617 | D:7      | Reached skill level 5 in Short Blades
  9617 | D:7      | Reached skill level 5 in Long Blades
  9617 | D:7      | Reached skill level 5 in Axes
  9617 | D:7      | Reached skill level 5 in Maces & Flails
  9617 | D:7      | Reached skill level 5 in Polearms
  9617 | D:7      | Reached skill level 5 in Staves
  9617 | D:7      | Reached skill level 5 in Ranged Weapons
  9617 | D:7      | Reached skill level 5 in Throwing
  9617 | D:7      | Reached skill level 5 in Armour
  9617 | D:7      | Reached skill level 5 in Shields
  9617 | D:7      | Reached skill level 5 in Unarmed Combat
  9617 | D:7      | Reached skill level 5 in Evocations
  9617 | D:7      | Reached XP level 10. HP: 70/74 MP: 12/20
  9667 | D:7      | Found Asmiut's General Store.
  9768 | D:7      | Found Iwnabaf's Antique Armour Shop.
  9938 | D:6      | Reached skill level 7 in Fire Magic
  9997 | D:7      | Reached skill level 7 in Dodging
 10323 | D:6      | HP: 24/74 [komodo dragon (20)]
 10388 | D:6      | Reached skill level 5 in Conjurations
 10491 | D:6      | Noticed a white ugly thing
 10492 | D:6      | Noticed a red ugly thing
 10505 | D:6      | Killed a red ugly thing
 10506 | D:6      | Reached skill level 7 in Stealth
 10506 | D:6      | Reached skill level 6 in Invocations
 10506 | D:6      | Reached skill level 5 in Shapeshifting
 10789 | D:6      | Noticed a two-headed ogre
 10795 | D:6      | Killed a two-headed ogre
 10915 | D:6      | Noticed a cyclops
 10922 | D:6      | Killed a cyclops
 11173 | D:8      | Reached * piety under Sif Muna
 11179 | D:8      | Reached skill level 6 in Fighting
 11179 | D:8      | Reached skill level 6 in Short Blades
 11179 | D:8      | Reached skill level 6 in Long Blades
 11179 | D:8      | Reached skill level 6 in Axes
 11179 | D:8      | Reached skill level 6 in Maces & Flails
 11179 | D:8      | Reached skill level 6 in Polearms
 11179 | D:8      | Reached skill level 6 in Staves
 11179 | D:8      | Reached skill level 6 in Ranged Weapons
 11179 | D:8      | Reached skill level 6 in Throwing
 11179 | D:8      | Reached skill level 6 in Armour
 11179 | D:8      | Reached skill level 6 in Shields
 11179 | D:8      | Reached skill level 6 in Unarmed Combat
 11179 | D:8      | Reached skill level 6 in Evocations
 11194 | D:7      | HP: 34/76 [yak (13)]
 11199 | D:7      | Reached skill level 5 in Hexes
 11199 | D:7      | Reached skill level 5 in Summonings
 11199 | D:7      | Reached skill level 5 in Necromancy
 11199 | D:7      | Reached skill level 5 in Translocations
 11199 | D:7      | Reached skill level 5 in Ice Magic
 11199 | D:7      | Reached skill level 5 in Air Magic
 11199 | D:7      | Reached skill level 5 in Earth Magic
 11199 | D:7      | Reached skill level 5 in Alchemy
 11477 | D:8      | Reached XP level 11. HP: 81/81 MP: 18/22
 11587 | D:8      | Found Gazisuod's General Store.
 11597 | D:8      | Bought a scroll of acquirement for 728 gold pieces
 11694 | D:8      | Acquired 444 gold pieces
 11696 | D:8      | Acquired a manual of Dodging
 11708 | D:8      | Reached skill level 8 in Spellcasting
 12153 | D:8      | Found a staircase to the Lair.
 12177 | D:8      | Reached skill level 8 in Dodging
 12407 | D:8      | Learned a level 4 spell: Flame Wave
 12539 | D:8      | Reached skill level 7 in Invocations
 12870 | D:9      | Reached ** piety under Sif Muna
 13007 | D:9      | Reached skill level 6 in Shapeshifting
 13219 | D:8      | Reached skill level 6 in Conjurations
 13220 | D:8      | Reached skill level 8 in Stealth
 13662 | D:9      | Reached skill level 8 in Fire Magic
 14043 | D:9      | Reached skill level 9 in Dodging
 14439 | D:10     | Entered Level 10 of the Dungeon
 14445 | D:10     | Reached skill level 7 in Fighting
 14445 | D:10     | Reached skill level 7 in Short Blades
 14445 | D:10     | Reached skill level 7 in Long Blades
 14445 | D:10     | Reached skill level 7 in Axes
 14445 | D:10     | Reached skill level 7 in Maces & Flails
 14445 | D:10     | Reached skill level 7 in Polearms
 14445 | D:10     | Reached skill level 7 in Staves
 14445 | D:10     | Reached skill level 7 in Ranged Weapons
 14445 | D:10     | Reached skill level 7 in Throwing
 14445 | D:10     | Reached skill level 7 in Armour
 14445 | D:10     | Reached skill level 7 in Shields
 14445 | D:10     | Reached skill level 7 in Unarmed Combat
 14445 | D:10     | Reached skill level 7 in Evocations
 14493 | D:10     | Reached *** piety under Sif Muna
 14494 | D:10     | Reached XP level 12. HP: 69/91 MP: 0/24
 14742 | D:9      | HP: 40/91 [yak (10)]
 15031 | D:10     | Reached skill level 6 in Hexes
 15031 | D:10     | Reached skill level 6 in Summonings
 15031 | D:10     | Reached skill level 6 in Necromancy
 15031 | D:10     | Reached skill level 6 in Translocations
 15031 | D:10     | Reached skill level 6 in Ice Magic
 15031 | D:10     | Reached skill level 6 in Air Magic
 15031 | D:10     | Reached skill level 6 in Earth Magic
 15031 | D:10     | Reached skill level 6 in Alchemy
 15196 | D:10     | Reached skill level 8 in Invocations
 15420 | D:10     | Reached skill level 9 in Spellcasting
 15633 | D:10     | Found a radiant altar of Vehumet.
 16007 | D:11     | Noticed a two-headed ogre
 16030 | D:11     | Killed a two-headed ogre
 16036 | D:11     | HP: 40/91 [orc priest/divine providence (12)]
 16201 | D:11     | Noticed a boulder beetle
 16202 | D:11     | Reached **** piety under Sif Muna
 16505 | D:10     | Killed a boulder beetle
 16506 | D:10     | Reached skill level 10 in Dodging
 16719 | D:11     | Reached skill level 7 in Shapeshifting
 16898 | D:11     | Found a staircase to the Orcish Mines.
 17011 | D:11     | Found a runed translucent gate.
 17012 | D:11     | Found a runed translucent gate.
 17014 | D:11     | Noticed asd2613's ghost (journeyman TrGl)
 17033 | D:11     | Found a runed translucent gate.
 17414 | D:11     | Acquired 556 gold pieces
 17540 | D:12     | Noticed a demonic crawler
 17655 | Lair:1   | Entered Level 1 of the Lair of Beasts
 17802 | Lair:1   | Reached skill level 9 in Stealth
 17920 | Lair:1   | HP: 46/92 [black mamba (11)]
 17922 | Lair:1   | HP: 10/92 [shot self (21)]
 17923 | Lair:1   | Reached skill level 7 in Conjurations
 17927 | Lair:1   | HP: 5/92 [poisoned by a black mamba]
 18279 | Lair:1   | Reached skill level 8 in Fighting
 18279 | Lair:1   | Reached skill level 8 in Short Blades
 18279 | Lair:1   | Reached skill level 8 in Long Blades
 18279 | Lair:1   | Reached skill level 8 in Axes
 18279 | Lair:1   | Reached skill level 8 in Maces & Flails
 18279 | Lair:1   | Reached skill level 8 in Polearms
 18279 | Lair:1   | Reached skill level 8 in Staves
 18279 | Lair:1   | Reached skill level 8 in Ranged Weapons
 18279 | Lair:1   | Reached skill level 8 in Throwing
 18279 | Lair:1   | Reached skill level 8 in Armour
 18279 | Lair:1   | Reached skill level 8 in Shields
 18279 | Lair:1   | Reached skill level 8 in Unarmed Combat
 18279 | Lair:1   | Reached skill level 8 in Evocations
 18730 | Lair:1   | Found a hide-covered altar of Uskayaw.
 18796 | Lair:1   | Noticed a death yak
 19005 | Lair:1   | Reached XP level 13. HP: 60/98 MP: 14/26
 19006 | Lair:1   | HP: 48/98 [poisoned by a cane toad]
 19011 | Lair:1   | HP: 34/98 [poisoned by a cane toad]
 19016 | Lair:1   | HP: 30/98 [poisoned by a cane toad]
 19561 | Lair:1   | Reached skill level 9 in Invocations
 19765 | Lair:1   | Reached skill level 11 in Dodging
 19883 | Lair:1   | Reached ***** piety under Sif Muna
 20294 | Lair:1   | Reached skill level 7 in Hexes
 20294 | Lair:1   | Reached skill level 7 in Summonings
 20294 | Lair:1   | Reached skill level 7 in Necromancy
 20294 | Lair:1   | Reached skill level 7 in Translocations
 20294 | Lair:1   | Reached skill level 9 in Fire Magic
 20294 | Lair:1   | Reached skill level 7 in Ice Magic
 20294 | Lair:1   | Reached skill level 7 in Air Magic
 20294 | Lair:1   | Reached skill level 7 in Earth Magic
 20294 | Lair:1   | Reached skill level 7 in Alchemy
 21199 | Lair:2   | Found a dark tunnel.
 21204 | Volcano  | Entered a volcano
 21318 | Volcano  | Learned a level 5 spell: Arcjolt
 21324 | Volcano  | Learned a level 5 spell: Freezing Cloud
 21333 | Volcano  | Reached skill level 10 in Spellcasting
 21758 | Volcano  | HP: 48/99 [poisoned by an occultist (poison arrow)]
 21763 | Volcano  | HP: 45/99 [poisoned by an occultist (poison arrow)]
 21837 | Volcano  | HP: 44/99 [gargoyle/stone arrow (11)]
 22123 | Volcano  | Reached skill level 8 in Shapeshifting
 22134 | Volcano  | HP: 47/99 [orc knight/+1 dire flail of flaming (23)]
 22135 | Volcano  | HP: 22/99 [orc knight/+1 dire flail of flaming (23)]
 22411 | Volcano  | Received a gift from Sif Muna
 22414 | Volcano  | Got Sif Muna's Grimoire of Lethal Mustering {god gift}
 22482 | Volcano  | Noticed an orb of fire
 22533 | Volcano  | Noticed an orb of fire
 23209 | Lair:2   | Found a hole to the Spider Nest.
 23437 | Lair:2   | HP: 45/100 [cloud of freezing vapour (19)]
 24053 | Lair:3   | Found a staircase to the Shoals.
 24078 | Lair:3   | Reached skill level 9 in Fighting
 24078 | Lair:3   | Reached skill level 9 in Short Blades
 24078 | Lair:3   | Reached skill level 9 in Long Blades
 24078 | Lair:3   | Reached skill level 9 in Axes
 24078 | Lair:3   | Reached skill level 9 in Maces & Flails
 24078 | Lair:3   | Reached skill level 9 in Polearms
 24078 | Lair:3   | Reached skill level 9 in Staves
 24078 | Lair:3   | Reached skill level 9 in Ranged Weapons
 24078 | Lair:3   | Reached skill level 9 in Throwing
 24078 | Lair:3   | Reached skill level 9 in Armour
 24078 | Lair:3   | Reached skill level 9 in Shields
 24078 | Lair:3   | Reached skill level 9 in Unarmed Combat
 24078 | Lair:3   | Reached skill level 9 in Evocations
 24081 | Lair:3   | HP: 48/101 [cane toad (15)]
 24084 | Lair:3   | Reached skill level 12 in Dodging
 24084 | Lair:3   | Reached skill level 10 in Stealth
 24092 | Lair:3   | HP: 44/101 [wolf (8)]
 24571 | Lair:3   | Reached XP level 14. HP: 75/108 MP: 12/28
 24578 | Lair:3   | Reached skill level 10 in Invocations
 24585 | Lair:3   | Reached skill level 8 in Conjurations
 26966 | Lair:4   | Found a viscous altar of Jiyva.
 27002 | Lair:4   | Reached skill level 8 in Hexes
 27002 | Lair:4   | Reached skill level 8 in Summonings
 27002 | Lair:4   | Reached skill level 8 in Necromancy
 27002 | Lair:4   | Reached skill level 8 in Translocations
 27002 | Lair:4   | Reached skill level 8 in Ice Magic
 27002 | Lair:4   | Reached skill level 8 in Air Magic
 27002 | Lair:4   | Reached skill level 8 in Earth Magic
 27002 | Lair:4   | Reached skill level 8 in Alchemy
 27066 | Lair:4   | Found a staircase to the Slime Pits.
 27577 | Lair:4   | HP: 54/108 [elephant (6)]
 28006 | Lair:4   | Noticed Kirke
 28015 | Lair:4   | Killed Kirke
 28254 | Lair:5   | Entered Level 5 of the Lair of Beasts
 28412 | Lair:5   | Received a gift from Sif Muna
 28413 | Lair:5   | Reached skill level 13 in Dodging
 28416 | Lair:5   | Reached skill level 11 in Spellcasting
 28620 | Lair:5   | Reached skill level 9 in Shapeshifting
 28978 | Lair:4   | Reached skill level 10 in Fire Magic
 29620 | Lair:5   | Reached skill level 10 in Fighting
 29620 | Lair:5   | Reached skill level 10 in Short Blades
 29620 | Lair:5   | Reached skill level 10 in Long Blades
 29620 | Lair:5   | Reached skill level 10 in Axes
 29620 | Lair:5   | Reached skill level 10 in Maces & Flails
 29620 | Lair:5   | Reached skill level 10 in Polearms
 29620 | Lair:5   | Reached skill level 10 in Staves
 29620 | Lair:5   | Reached skill level 10 in Ranged Weapons
 29620 | Lair:5   | Reached skill level 10 in Throwing
 29620 | Lair:5   | Reached skill level 10 in Armour
 29620 | Lair:5   | Reached skill level 10 in Shields
 29620 | Lair:5   | Reached skill level 10 in Unarmed Combat
 29620 | Lair:5   | Reached skill level 10 in Evocations
 29759 | Lair:5   | HP: 55/110 [cloud of flame (4)]
 29764 | Lair:5   | HP: 24/110 [cloud of flame (11)]
 30249 | Lair:5   | Got Sif Muna's Encyclopedia of Metal {god gift}
 30256 | Lair:5   | Learned a level 5 spell: Fireball
 30296 | Lair:5   | Reached XP level 15. HP: 113/115 MP: 5/30
 30299 | Lair:5   | Identified the ring of Tigit {rF+ rN+ Int+3}
 30300 | Lair:5   | Reached skill level 11 in Invocations
 30624 | Lair:5   | HP: 51/115 [cloud of freezing vapour (17)]
 30818 | Lair:5   | HP: 57/115 [cloud of freezing vapour (18)]
 30824 | Lair:5   | Reached skill level 11 in Stealth
 31148 | Lair:5   | Found a corrupted altar of Lugonu.
 31149 | Lair:5   | Found a one-way gate to the infinite horrors of the Abyss.
 31171 | Lair:5   | Identified the ring of Teisod {Fly rElec rF++}
 32718 | Orc:1    | Entered Level 1 of the Orcish Mines
 32720 | Orc:1    | Received a gift from Sif Muna
 32721 | Orc:1    | Got Sif Muna's Discourse on Pollution and the Grave {god
                  | gift}
 32883 | Orc:2    | Entered Level 2 of the Orcish Mines
 32891 | Orc:2    | Reached skill level 9 in Conjurations
 32928 | Orc:2    | Found a staircase to the Elven Halls.
 33806 | Orc:1    | Found a roughly hewn altar of Beogh.
 34480 | Orc:2    | Reached skill level 14 in Dodging
 35420 | Orc:2    | Received a gift from Sif Muna
 35424 | Orc:2    | Got Sif Muna's Precepts of the Necrotic Panacea {god gift}
 35605 | Orc:2    | Reached skill level 9 in Hexes
 35605 | Orc:2    | Reached skill level 9 in Summonings
 35605 | Orc:2    | Reached skill level 9 in Necromancy
 35605 | Orc:2    | Reached skill level 9 in Translocations
 35605 | Orc:2    | Reached skill level 9 in Ice Magic
 35605 | Orc:2    | Reached skill level 9 in Air Magic
 35605 | Orc:2    | Reached skill level 9 in Earth Magic
 35605 | Orc:2    | Reached skill level 9 in Alchemy
 35769 | Orc:2    | Found Arolumem's Armour Boutique.
 35771 | Orc:2    | Found Puemenwam's Jewellery Shoppe.
 35773 | Orc:2    | Found Nuasso's Distillery.
 35775 | Orc:2    | Found Jeimpunu's Book Emporium.
 35849 | Orc:2    | Paralysed by an orc sorcerer for 3 turns
 36032 | Orc:2    | Bought a potion of heal wounds for 85 gold pieces
 36032 | Orc:2    | Bought a potion of heal wounds for 85 gold pieces
 36414 | D:7      | Bought a transparent buckler for 285 gold pieces
 36414 | D:7      | Identified the +3 buckler of Qiafian {rN++ Str+2} (You
                  | bought it in a shop on level 7 of the Dungeon)
 36414 | D:7      | Bought a faintly glowing leather armour for 210 gold pieces
 36414 | D:7      | Identified the +0 leather armour of the Abyss {Harm Int+5}
                  | (You bought it in a shop on level 7 of the Dungeon)
 36439 | D:7      | Learned a level 6 spell: Plasma Beam
 36446 | D:7      | Learned a level 6 spell: Dispersal
 37288 | D:12     | HP: 51/117 [large slime creature (27)]
 37317 | D:12     | HP: 46/117 [cloud of freezing vapour (16)]
 37575 | D:12     | Acquired the +6 Majin-Bo {spellvamp, MP+6 Int+6}
 37575 | D:12     | Found the +6 Majin-Bo {spellvamp, MP+6 Int+6}
 37805 | D:12     | Reached skill level 10 in Shapeshifting
 38229 | D:12     | Received a gift from Sif Muna
 38230 | D:12     | Got Ynlap's Handbook of Flashy Terrain {god gift}
 38455 | D:12     | Reached skill level 12 in Spellcasting
 38455 | D:12     | Reached XP level 16. HP: 93/124 MP: 22/32
 38776 | D:13     | Identified the +0 helmet "Wixifoib" {rF- rC+ Int+4 SInv}
 38806 | D:13     | Found a gate to the Vaults.
 38810 | D:13     | Reached skill level 11 in Fighting
 38810 | D:13     | Reached skill level 11 in Short Blades
 38810 | D:13     | Reached skill level 11 in Long Blades
 38810 | D:13     | Reached skill level 11 in Axes
 38810 | D:13     | Reached skill level 11 in Maces & Flails
 38810 | D:13     | Reached skill level 11 in Polearms
 38810 | D:13     | Reached skill level 11 in Staves
 38810 | D:13     | Reached skill level 11 in Ranged Weapons
 38810 | D:13     | Reached skill level 11 in Throwing
 38810 | D:13     | Reached skill level 11 in Armour
 38810 | D:13     | Reached skill level 11 in Shields
 38810 | D:13     | Reached skill level 11 in Unarmed Combat
 38810 | D:13     | Reached skill level 11 in Evocations
 38814 | D:13     | Reached skill level 12 in Invocations
 39520 | D:13     | Reached skill level 15 in Dodging
 39770 | D:13     | Found a transporter.
 39770 | D:13     | Noticed an acid blob
 39882 | D:13     | Found a transporter.
 40214 | D:11     | Killed asd2613's ghost
 40385 | D:14     | Reached skill level 12 in Stealth
 40586 | D:14     | Found a gate leading to a gauntlet.
 40596 | Gauntlet | Entered a Gauntlet
 40596 | Gauntlet | Found a transporter.
 40596 | Gauntlet | Found a transporter.
 40623 | Gauntlet | Found a transporter.
 40638 | Gauntlet | Found a transporter.
 40652 | Gauntlet | Found a transporter.
 40665 | Gauntlet | Found a transporter.
 40755 | Gauntlet | Found a transporter.
 40769 | Gauntlet | Found a transporter.
 40783 | Gauntlet | Found a transporter.
 40796 | Gauntlet | Found a transporter.
 40815 | Gauntlet | Found a transporter.
 40884 | Gauntlet | Found a transporter.
 40892 | Gauntlet | Found a transporter.
 40896 | Gauntlet | Found a transporter.
 40899 | Gauntlet | Found a transporter.
 40905 | Gauntlet | Found a transporter.
 41176 | Gauntlet | Reached skill level 11 in Fire Magic
 41184 | Gauntlet | Identified the +7 great sword "Dragonslayer" {flame,
                  | Stlth+}
 41315 | Gauntlet | Identified the +0 cloak of True Grit {rElec rN+ Will+
                  | Int-4}
 41348 | Gauntlet | HP: 62/125 [poisoned by a green death (poison arrow)]
 41353 | Gauntlet | HP: 55/125 [poisoned by a green death (poison arrow)]
 41635 | Gauntlet | Got Vexzuew's Incunabulum of Scorched Transfiguration
 41654 | D:14     | Noticed Josephine
 41704 | D:14     | Killed Josephine
 42072 | D:14     | Received a gift from Sif Muna
 42288 | D:15     | Entered Level 15 of the Dungeon
 42668 | D:15     | Noticed Nessos
 42670 | D:15     | Killed Nessos
 42727 | D:15     | Reached skill level 10 in Conjurations
 44110 | D:15     | Found a staircase to the Depths.
 44412 | D:15     | Reached XP level 17. HP: 74/133 MP: 7/33
 44676 | Lair:1   | Acquired the ring "Fobot" {Wiz rPois Will+ Int+2 Dex+2}
 44771 | Spider:1 | Entered Level 1 of the Spider Nest
 44792 | Lair:2   | HP: 59/133 [demonic crawler (10)]
 44999 | Spider:1 | Reached skill level 10 in Hexes
 44999 | Spider:1 | Reached skill level 10 in Summonings
 44999 | Spider:1 | Reached skill level 10 in Necromancy
 44999 | Spider:1 | Reached skill level 10 in Translocations
 44999 | Spider:1 | Reached skill level 10 in Ice Magic
 44999 | Spider:1 | Reached skill level 10 in Air Magic
 44999 | Spider:1 | Reached skill level 10 in Earth Magic
 44999 | Spider:1 | Reached skill level 10 in Alchemy
 45002 | Spider:1 | Received a gift from Sif Muna
 45117 | Spider:1 | HP: 62/133 [spark wasp (18)]
 45135 | Spider:1 | HP: 43/133 [spark wasp/living lightning (3)]
 45547 | Spider:1 | Reached skill level 16 in Dodging
 45578 | Spider:1 | Got Sif Muna's Opusculum on Glacial Wounds {god gift}
 45758 | Spider:1 | Acquired 1151 gold pieces
 46388 | Spider:2 | Reached skill level 11 in Shapeshifting
 46390 | Spider:2 | HP: 66/133 [wolf spider (22)]
 46566 | Spider:2 | Noticed Nikola
 46678 | Spider:1 | Reached skill level 13 in Invocations
 46680 | Spider:1 | Reached skill level 12 in Fighting
 46680 | Spider:1 | Reached skill level 12 in Short Blades
 46680 | Spider:1 | Reached skill level 12 in Long Blades
 46680 | Spider:1 | Reached skill level 12 in Axes
 46680 | Spider:1 | Reached skill level 12 in Maces & Flails
 46680 | Spider:1 | Reached skill level 12 in Polearms
 46680 | Spider:1 | Reached skill level 12 in Staves
 46680 | Spider:1 | Reached skill level 12 in Ranged Weapons
 46680 | Spider:1 | Reached skill level 12 in Throwing
 46680 | Spider:1 | Reached skill level 12 in Armour
 46680 | Spider:1 | Reached skill level 12 in Shields
 46680 | Spider:1 | Reached skill level 12 in Unarmed Combat
 46680 | Spider:1 | Reached skill level 12 in Evocations
 46790 | Spider:2 | Killed Nikola
 46922 | Spider:2 | Found a runed translucent door.
 46923 | Spider:2 | Noticed retardedninja's ghost (adept CoFi)
 47051 | Spider:2 | Reached skill level 13 in Spellcasting
 47313 | Spider:2 | Killed retardedninja's ghost
 48736 | Spider:3 | Received a gift from Sif Muna
 48737 | Spider:3 | Got Sif Muna's Elucidation of the Jinx and the Jaunt {god
                  | gift}
 49597 | Spider:4 | Entered Level 4 of the Spider Nest
 49692 | Spider:4 | Reached skill level 13 in Stealth
 50098 | Spider:4 | HP: 60/135 [entropy weaver (10)]
 50351 | Spider:4 | Reached XP level 18. HP: 118/141 MP: 10/35
 50847 | Spider:4 | HP: 69/140 [spark wasp (24)]
 51139 | Spider:4 | Reached skill level 17 in Dodging
 51199 | Spider:4 | Reached skill level 12 in Fire Magic
 51700 | Spider:4 | Reached skill level 11 in Conjurations
 51705 | Spider:4 | HP: 63/142 [emperor scorpion (11)]
 52384 | Spider:4 | Found the +2 hood of the Assassin {Detect Stab+ Stlth++}
 52411 | Spider:4 | Got a gossamer rune of Zot
 52716 | Shoals:1 | Entered Level 1 of the Shoals
 52898 | Shoals:1 | Received a gift from Sif Muna
 52899 | Shoals:1 | Got Ramiung's Folio of the Malignant Salamander {god gift}
 53500 | Shoals:1 | Reached skill level 14 in Invocations
 54278 | Shoals:1 | Reached skill level 11 in Hexes
 54278 | Shoals:1 | Reached skill level 11 in Summonings
 54278 | Shoals:1 | Reached skill level 11 in Necromancy
 54278 | Shoals:1 | Reached skill level 11 in Translocations
 54278 | Shoals:1 | Reached skill level 11 in Ice Magic
 54278 | Shoals:1 | Reached skill level 11 in Air Magic
 54278 | Shoals:1 | Reached skill level 11 in Earth Magic
 54278 | Shoals:1 | Reached skill level 11 in Alchemy
 54957 | Shoals:2 | Reached skill level 13 in Fighting
 54957 | Shoals:2 | Reached skill level 13 in Short Blades
 54957 | Shoals:2 | Reached skill level 13 in Long Blades
 54957 | Shoals:2 | Reached skill level 13 in Axes
 54957 | Shoals:2 | Reached skill level 13 in Maces & Flails
 54957 | Shoals:2 | Reached skill level 13 in Polearms
 54957 | Shoals:2 | Reached skill level 13 in Staves
 54957 | Shoals:2 | Reached skill level 13 in Ranged Weapons
 54957 | Shoals:2 | Reached skill level 13 in Throwing
 54957 | Shoals:2 | Reached skill level 13 in Armour
 54957 | Shoals:2 | Reached skill level 13 in Shields
 54957 | Shoals:2 | Reached skill level 13 in Unarmed Combat
 54957 | Shoals:2 | Reached skill level 13 in Evocations
 54960 | Shoals:2 | Noticed Mlioglotl
 55118 | Shoals:1 | Reached skill level 12 in Shapeshifting
 55162 | Shoals:2 | Killed Mlioglotl
 55610 | Shoals:2 | Noticed Frances
 55788 | Shoals:2 | Killed Frances
 56441 | Shoals:3 | Reached skill level 14 in Spellcasting
 57136 | Shoals:3 | Reached XP level 19. HP: 142/149 MP: 32/37
 57344 | Shoals:3 | Noticed Ilsuiw
 57358 | Shoals:3 | Received a gift from Sif Muna
 57361 | Shoals:3 | Killed Ilsuiw
 57627 | Shoals:3 | Got Sif Muna's Spellbook of the Flying Fairies {god gift}
 57946 | Shoals:3 | Reached skill level 18 in Dodging
 58624 | Shoals:4 | Entered Level 4 of the Shoals
 58630 | Shoals:4 | Reached skill level 14 in Stealth
 60184 | Shoals:4 | Received a gift from Sif Muna
 60664 | Shoals:4 | HP: 71/151 [merfolk impaler/+1 trident of protection (7)]
 60997 | Shoals:4 | Identified the +0 chain mail "Apumiff" {rCorr MP+9 Stlth+}
 61330 | Shoals:4 | Got a barnacled rune of Zot
 62205 | Shoals:4 | Reached skill level 15 in Invocations
 63060 | Vaults:1 | Entered Level 1 of the Vaults
 63068 | Vaults:1 | Reached skill level 12 in Conjurations
 63559 | Vaults:1 | Reached XP level 20. HP: 158/158 MP: 31/38
 63748 | Vaults:1 | Reached skill level 13 in Fire Magic
 64033 | Vaults:1 | Reached skill level 14 in Fighting
 64033 | Vaults:1 | Reached skill level 14 in Short Blades
 64033 | Vaults:1 | Reached skill level 14 in Long Blades
 64033 | Vaults:1 | Reached skill level 14 in Axes
 64033 | Vaults:1 | Reached skill level 14 in Maces & Flails
 64033 | Vaults:1 | Reached skill level 14 in Polearms
 64033 | Vaults:1 | Reached skill level 14 in Staves
 64033 | Vaults:1 | Reached skill level 14 in Ranged Weapons
 64033 | Vaults:1 | Reached skill level 14 in Throwing
 64033 | Vaults:1 | Reached skill level 14 in Armour
 64033 | Vaults:1 | Reached skill level 14 in Shields
 64033 | Vaults:1 | Reached skill level 14 in Unarmed Combat
 64033 | Vaults:1 | Reached skill level 14 in Evocations
 64314 | Vaults:1 | Received a gift from Sif Muna
 64793 | Vaults:1 | Reached skill level 19 in Dodging
 65093 | Vaults:1 | Reached skill level 13 in Shapeshifting
 65350 | Vaults:1 | Reached skill level 12 in Hexes
 65350 | Vaults:1 | Reached skill level 12 in Summonings
 65350 | Vaults:1 | Reached skill level 12 in Necromancy
 65350 | Vaults:1 | Reached skill level 12 in Translocations
 65350 | Vaults:1 | Reached skill level 12 in Ice Magic
 65350 | Vaults:1 | Reached skill level 12 in Air Magic
 65350 | Vaults:1 | Reached skill level 12 in Earth Magic
 65350 | Vaults:1 | Reached skill level 12 in Alchemy
 66246 | Vaults:1 | Identified the +1 pair of gloves "Ketric" {+Blink Str+3
                  | Slay-2 SInv}
 66681 | Vaults:2 | Reached skill level 15 in Spellcasting
 67395 | Vaults:2 | Received a gift from Sif Muna
 67396 | Vaults:2 | Got Osexaqum's Vademecum on the Coruscating Cwm {god gift}
 68610 | Vaults:2 | Found a staircase to the Crypt.
 69478 | Vaults:2 | Reached skill level 15 in Stealth
 70390 | Vaults:2 | Learned a level 6 spell: Bombard
 70394 | Vaults:3 | Received a gift from Sif Muna
 70455 | Vaults:3 | Got Coolab's Annotations on Inhalation and Momentum {god
                  | gift}
 70583 | Vaults:3 | Reached XP level 21. HP: 165/166 MP: 27/40
 71070 | Vaults:3 | Noticed Norris
 71137 | Vaults:3 | Killed Norris
 72144 | Vaults:3 | Reached skill level 16 in Invocations
 72539 | Vaults:4 | Paralysed by a formless jellyfish for 1 turns
 72779 | Vaults:4 | Reached skill level 20 in Dodging
 73677 | Vaults:4 | Identified the +9 war axe of Classification {pain, Int+3}
 73777 | Vaults:4 | Found a transporter.
 74006 | Vaults:4 | Found a transporter.
 74385 | Vaults:4 | Reached skill level 15 in Fighting
 74385 | Vaults:4 | Reached skill level 15 in Short Blades
 74385 | Vaults:4 | Reached skill level 15 in Long Blades
 74385 | Vaults:4 | Reached skill level 15 in Axes
 74385 | Vaults:4 | Reached skill level 15 in Maces & Flails
 74385 | Vaults:4 | Reached skill level 15 in Polearms
 74385 | Vaults:4 | Reached skill level 15 in Staves
 74385 | Vaults:4 | Reached skill level 15 in Ranged Weapons
 74385 | Vaults:4 | Reached skill level 15 in Throwing
 74385 | Vaults:4 | Reached skill level 15 in Armour
 74385 | Vaults:4 | Reached skill level 15 in Shields
 74385 | Vaults:4 | Reached skill level 15 in Unarmed Combat
 74385 | Vaults:4 | Reached skill level 15 in Evocations
 74695 | Vaults:4 | Received a gift from Sif Muna
 74817 | Vaults:4 | Reached skill level 13 in Conjurations
 75138 | Vaults:4 | Identified the +8 chain mail "Tommurch" {rC+ SInv}
 75148 | Vaults:4 | Identified the amulet of Fragile Peace {Acrobat MP+9}
 75188 | Vaults:4 | Identified the +0 scale mail of the Morning Star {rF+
                  | Dex+4}
 75198 | Vaults:4 | Identified the ring of Exkipnidum {^Drain rPois rC+++ Str-5
                  | SInv}
 75539 | Elf:1    | Entered Level 1 of the Elven Halls
 75544 | Elf:1    | Found a crumbling gateway.
 75580 | Desolati | Entered the Desolation of Salt
 75592 | Desolati | Reached skill level 14 in Shapeshifting
 75600 | Desolati | HP: 84/168 [peacekeeper (10)]
 75630 | Desolati | HP: 62/168 [saltling (13)]
 75697 | Desolati | HP: 79/168 [servant of whispers/+0 club (3)]
 75702 | Desolati | HP: 73/168 [servant of whispers/bolt of lightning (8)]
 75717 | Desolati | HP: 74/168 [saltling (6)]
 75722 | Desolati | HP: 55/168 [peacekeeper (4)]
 75725 | Desolati | Reached skill level 14 in Fire Magic
 75730 | Desolati | HP: 39/168 [imperial myrmidon/+0 double sword (20)]
 75741 | Desolati | HP: 47/252 [servant of whispers/bolt of lightning (5)]
 75748 | Desolati | HP: 56/168 [servant of whispers/bolt of lightning (8)]
 75849 | Desolati | Reached skill level 16 in Spellcasting
 75867 | Desolati | Reached skill level 13 in Hexes
 75867 | Desolati | Reached skill level 13 in Summonings
 75867 | Desolati | Reached skill level 13 in Necromancy
 75867 | Desolati | Reached skill level 13 in Translocations
 75867 | Desolati | Reached skill level 13 in Ice Magic
 75867 | Desolati | Reached skill level 13 in Air Magic
 75867 | Desolati | Reached skill level 13 in Earth Magic
 75867 | Desolati | Reached skill level 13 in Alchemy
 75872 | Desolati | Reached XP level 22. HP: 98/175 MP: 8/42
 75880 | Desolati | HP: 87/175 [peacekeeper (4)]
 75883 | Desolati | Identified the +7 war axe of the Jolly Bones {spect, Will+}
 75941 | Desolati | Identified the amulet of Korgha {Acrobat -Tele ^Fragile Fly
                  | Stlth+}
 75944 | Desolati | Identified the +9 long sword "Etimnut" {flame, rN+ Str+5
                  | Stlth+}
 76002 | Desolati | Received a gift from Sif Muna
 76039 | Desolati | Identified the +7 longbow of the Postmodern Priests
                  | {antimagic, Fly Str+5 Dex-5}
 76045 | Desolati | HP: 87/175 [servant of whispers/bolt of lightning (6)]
 76098 | Desolati | Got Sif Muna's Codex of Petrous Conflict {god gift}
 76477 | Desolati | Found the +5 demon whip "Spellbinder" {antimagic, disrupt,
                  | Will+}
 76722 | Desolati | Found the +3 crown of Dyrovepreva {rElec Int+2 SInv}
 76733 | Desolati | Identified the ring of Vehumet's Envy {Wiz Int+2 Stlth+}
 77208 | Elf:1    | Paralysed by an air elemental for 1 turns
 77562 | Elf:1    | Found a radiant altar of Vehumet.
 77609 | Elf:1    | Reached skill level 16 in Stealth
 78944 | Elf:2    | Reached skill level 21 in Dodging
 79518 | Elf:2    | Found a huge runed translucent gate.
 79518 | Elf:2    | Found a huge runed translucent gate.
 79518 | Elf:2    | Found a huge runed translucent gate.
 79518 | Elf:2    | Found a huge runed translucent gate.
 79518 | Elf:2    | Found a huge runed translucent gate.
 79518 | Elf:2    | Found a huge runed translucent gate.
 79518 | Elf:2    | Found a huge runed translucent gate.
 79651 | Elf:2    | Found a huge runed translucent gate.
 79651 | Elf:2    | Found a huge runed translucent gate.
 79651 | Elf:2    | Found a huge runed translucent gate.
 79651 | Elf:2    | Found a huge runed translucent gate.
 79651 | Elf:2    | Found a huge runed translucent gate.
 79651 | Elf:2    | Found a huge runed translucent gate.
 79651 | Elf:2    | Found a huge runed translucent gate.
 79653 | Elf:2    | Found a huge runed translucent gate.
 79704 | Elf:2    | Found a huge runed translucent gate.
 79704 | Elf:2    | Found a huge runed translucent gate.
 79704 | Elf:2    | Found a huge runed translucent gate.
 79704 | Elf:2    | Found a huge runed translucent gate.
 79704 | Elf:2    | Found a huge runed translucent gate.
 79705 | Elf:2    | Found a huge runed translucent gate.
 79705 | Elf:2    | Found a huge runed translucent gate.
 79706 | Elf:2    | Found a huge runed translucent gate.
 79707 | Elf:2    | Found a huge runed translucent gate.
 79707 | Elf:2    | Found a huge runed translucent gate.
 79707 | Elf:2    | Found a huge runed translucent gate.
 79708 | Elf:2    | Found a huge runed translucent gate.
 79708 | Elf:2    | Found a huge runed translucent gate.
 79709 | Elf:2    | Found a huge runed translucent gate.
 79710 | Elf:2    | Found a huge runed translucent gate.
 79710 | Elf:2    | Found a huge runed translucent gate.
 79714 | Elf:2    | Found a huge runed translucent gate.
 79715 | Elf:2    | Found a huge runed translucent gate.
 79716 | Elf:2    | Found a huge runed translucent gate.
 79718 | Elf:2    | Found a huge runed translucent gate.
 79737 | Elf:2    | Found a huge runed translucent gate.
 80029 | Elf:2    | Reached skill level 17 in Invocations
 80111 | Elf:2    | Received a gift from Sif Muna
 80585 | Elf:2    | Got Sif Muna's Compendium of Destruction and the Escort
                  | {god gift}
 80979 | Elf:2    | Found a runed translucent gate.
 80979 | Elf:2    | Found a runed translucent gate.
 81170 | Elf:2    | Found a runed translucent gate.
 82517 | Elf:2    | Reached XP level 23. HP: 143/183 MP: 24/43
 82518 | Elf:2    | HP: 88/183 [ghostly deep elf master archer/arrow (20)]
 82523 | Elf:2    | HP: 55/183 [+1 mace of draining (4)]
 82528 | Elf:2    | HP: 53/183 [+1 mace of draining (2)]
 82804 | Elf:2    | Identified the ring of Umabefax {rElec rF+ Will+}
 82805 | Elf:2    | Identified the +8 battleaxe "Ehilenir" {drain, *Slow rPois
                  | rC+ Str+5}
 82835 | Elf:3    | Entered Level 3 of the Elven Halls
 82951 | Elf:3    | Reached skill level 16 in Fighting
 82951 | Elf:3    | Reached skill level 16 in Short Blades
 82951 | Elf:3    | Reached skill level 16 in Long Blades
 82951 | Elf:3    | Reached skill level 16 in Axes
 82951 | Elf:3    | Reached skill level 16 in Maces & Flails
 82951 | Elf:3    | Reached skill level 16 in Polearms
 82951 | Elf:3    | Reached skill level 16 in Staves
 82951 | Elf:3    | Reached skill level 16 in Ranged Weapons
 82951 | Elf:3    | Reached skill level 16 in Throwing
 82951 | Elf:3    | Reached skill level 16 in Armour
 82951 | Elf:3    | Reached skill level 16 in Shields
 82951 | Elf:3    | Reached skill level 16 in Unarmed Combat
 82951 | Elf:3    | Reached skill level 16 in Evocations
 83079 | Elf:3    | Found Zigikk's Antique Weapon Shop.
 83131 | Elf:3    | Found a flickering gateway to a bazaar.
 83136 | Bazaar   | Entered a bazaar
 83137 | Bazaar   | Found Hozypni's General Store.
 83137 | Bazaar   | Found Weitt's Assorted Antiques.
 83139 | Bazaar   | Found Votozihe's Assorted Antiques.
 83144 | Bazaar   | Found Zelianum's General Store.
 83150 | Bazaar   | Bought a scroll of teleportation for 51 gold pieces
 83150 | Bazaar   | Bought a scroll of teleportation for 51 gold pieces
 83150 | Bazaar   | Bought a potion of enlightenment for 85 gold pieces
 83150 | Bazaar   | Bought a scroll of revelation for 127 gold pieces
 83156 | Bazaar   | Found Uto Loc's Distillery.
 83162 | Bazaar   | Found Ulekhlonu's Distillery.
 83169 | Bazaar   | Bought a potion of heal wounds for 65 gold pieces
 83169 | Bazaar   | Bought a potion of heal wounds for 65 gold pieces
 83169 | Bazaar   | Bought a potion of mutation for 104 gold pieces
 83169 | Bazaar   | Bought a potion of resistance for 130 gold pieces
 83169 | Bazaar   | Bought a potion of cancellation for 104 gold pieces
 83177 | Bazaar   | Bought a potion of mutation for 72 gold pieces
 83177 | Bazaar   | Bought a potion of magic for 72 gold pieces
 83177 | Bazaar   | Bought a potion of heal wounds for 45 gold pieces
 83177 | Bazaar   | Bought a potion of mutation for 72 gold pieces
 83177 | Bazaar   | Bought a potion of resistance for 90 gold pieces
 83177 | Bazaar   | Bought a potion of curing for 27 gold pieces
 83177 | Bazaar   | Bought 2 potions of brilliance for 72 gold pieces
 83177 | Bazaar   | Bought a potion of curing for 27 gold pieces
 83181 | Bazaar   | Bought a scroll of enchant armour for 172 gold pieces
 83181 | Bazaar   | Bought a scroll of enchant armour for 172 gold pieces
 83185 | Bazaar   | Bought a scroll of teleportation for 48 gold pieces
 83185 | Bazaar   | Bought a potion of haste for 160 gold pieces
 83185 | Bazaar   | Bought a potion of curing for 48 gold pieces
 83189 | Bazaar   | Bought a scroll of fear for 64 gold pieces
 83189 | Bazaar   | Bought a scroll of teleportation for 48 gold pieces
 83189 | Bazaar   | Bought a potion of curing for 48 gold pieces
 83189 | Bazaar   | Bought a wand of digging (2) for 134 gold pieces
 83215 | Bazaar   | Bought a steaming plate armour for 644 gold pieces
 83215 | Bazaar   | Identified the +8 plate armour of Xent {rElec Int+4} (You
                  | bought it in a shop in a bazaar)
 83230 | Elf:3    | Found Deudarpha's Book Shoppe.
 83450 | Elf:3    | Found Agiustu's Antique Armour Shop.
 83456 | Elf:3    | Received a gift from Sif Muna
 83457 | Elf:3    | Got Gloorx Vloq's Compendium of Saturnine Reformation {god
                  | gift}
 83643 | Elf:3    | Identified the +9 battleaxe of Amniyquh {heavy, Will+ rCorr
                  | Dex+3}
 83982 | Elf:3    | Identified the +1 war axe "Hunuyn" {vamp, rPois rN+ Int-3
                  | SInv}
 83982 | Elf:3    | Identified the ring "Nujes" {rN+ Will+ SInv}
 84243 | Elf:3    | Identified the +4 falchion "Lovocovu" {flame, rF+ Str+2
                  | Int+5}
 84385 | Elf:3    | Identified the +6 rapier of the Unseen Realm {heavy,
                  | ^Fragile rElec rPois rC-}
 84409 | Elf:3    | Reached skill level 14 in Conjurations
 84449 | Elf:3    | Reached skill level 15 in Shapeshifting
 84893 | Elf:3    | Identified the staff of Tocruvoo {rElec rN+ Will+ Necro}
 84899 | Elf:3    | Identified the +0 helmet of Stoicism {rN+ Regen+}
 85434 | Depths:1 | Entered Level 1 of the Depths
 85498 | Depths:1 | Learned a level 4 spell: Passage of Golubria
 85905 | Depths:1 | Reached skill level 22 in Dodging
 86037 | Depths:1 | Reached skill level 17 in Spellcasting
 86533 | Depths:1 | Received a gift from Sif Muna
 86541 | Depths:1 | Reached skill level 14 in Hexes
 86541 | Depths:1 | Reached skill level 14 in Summonings
 86541 | Depths:1 | Reached skill level 14 in Necromancy
 86541 | Depths:1 | Reached skill level 14 in Translocations
 86541 | Depths:1 | Reached skill level 14 in Ice Magic
 86541 | Depths:1 | Reached skill level 14 in Air Magic
 86541 | Depths:1 | Reached skill level 14 in Earth Magic
 86541 | Depths:1 | Reached skill level 14 in Alchemy
 86715 | Depths:1 | Got Sif Muna's Spellbook of the Metamorphic Lungs {god
                  | gift}
 87037 | Depths:1 | Found Haralys's Jewellery Shoppe.
 87410 | Depths:1 | Reached skill level 15 in Fire Magic
 87411 | Depths:1 | Found a gateway to Hell.
 87648 | Depths:1 | Reached skill level 17 in Stealth
 88411 | Depths:1 | Reached skill level 18 in Invocations
 88411 | Depths:1 | Reached XP level 24. HP: 193/193 MP: 17/44
 88519 | Depths:1 | Identified the +3 battleaxe of the Riding Gods {spect,
                  | *Slow +Blink rPois Stlth+}
 88801 | Depths:2 | Noticed a juggernaut
 88808 | Depths:2 | Found a one-way gateway to a ziggurat.
 88851 | Depths:2 | HP: 96/193 [fire giant/+2 great sword of flaming (2)]
 88872 | Depths:2 | Killed a juggernaut
 89314 | Depths:2 | Found Itimm's Antique Armour Boutique.
 89317 | Depths:2 | Found Kacs's Assorted Antiques.
 89325 | Depths:2 | Bought a potion of haste for 260 gold pieces
 89325 | Depths:2 | Bought a scroll of teleportation for 78 gold pieces
 89325 | Depths:2 | Bought a potion of curing for 78 gold pieces
 89325 | Depths:2 | Bought a scroll of amnesia for 104 gold pieces
 89337 | Depths:2 | Learned a level 8 spell: Ignition
 89351 | Depths:2 | Found a sacrificial altar of Ru.
 89701 | Depths:2 | Found a one-way gate leading to the halls of Pandemonium.
 89850 | Depths:2 | Noticed Saint Roka
 89859 | Depths:2 | Killed Saint Roka
 89869 | Depths:2 | Identified the +2 robe "Xoraraum" {^Drain *Slow Int+7}
 89869 | Depths:2 | Noticed Boris
 90151 | Depths:2 | Killed Boris
 91528 | Depths:3 | Received a gift from Sif Muna
 91529 | Depths:3 | Got Weilorau's Reference Book on Hexing and Pollution {god
                  | gift}
 91587 | Depths:3 | Found a bloodstained altar of Trog.
 91587 | Depths:3 | Found a sacrificial altar of Ru.
 91644 | Depths:3 | Reached skill level 17 in Fighting
 91644 | Depths:3 | Reached skill level 17 in Short Blades
 91644 | Depths:3 | Reached skill level 17 in Long Blades
 91644 | Depths:3 | Reached skill level 17 in Axes
 91644 | Depths:3 | Reached skill level 17 in Maces & Flails
 91644 | Depths:3 | Reached skill level 17 in Polearms
 91644 | Depths:3 | Reached skill level 17 in Staves
 91644 | Depths:3 | Reached skill level 17 in Ranged Weapons
 91644 | Depths:3 | Reached skill level 17 in Throwing
 91644 | Depths:3 | Reached skill level 17 in Armour
 91644 | Depths:3 | Reached skill level 17 in Shields
 91644 | Depths:3 | Reached skill level 17 in Unarmed Combat
 91644 | Depths:3 | Reached skill level 17 in Evocations
 91878 | Depths:3 | Found a shimmering altar of Xom.
 92680 | Depths:3 | Reached skill level 23 in Dodging
 93506 | Depths:3 | Noticed a caustic shrike
 93511 | Depths:3 | Killed a caustic shrike
 93755 | Depths:3 | Noticed a juggernaut
 93761 | Depths:3 | Killed a juggernaut
 94204 | Depths:3 | Noticed a juggernaut
 94206 | Depths:3 | Killed a juggernaut
 94207 | Depths:3 | Reached XP level 25. HP: 201/201 MP: 33/44
 94330 | Depths:3 | Identified the +4 hand axe of Olliecwio {drain, rF- rC+
                  | Dex+3}
 94631 | Depths:3 | Reached skill level 16 in Shapeshifting
 94923 | Depths:4 | Entered Level 4 of the Depths
 94950 | Depths:4 | Reached skill level 18 in Spellcasting
 95370 | Depths:3 | Reached skill level 15 in Conjurations
 96131 | Depths:4 | Received a gift from Sif Muna
 96339 | Depths:4 | Got Noomuutz's Octavo of Power and the Geodesic {god gift}
 96480 | Depths:3 | Learned a level 1 spell: Apportation
 96487 | Depths:4 | Reached skill level 18 in Stealth
 96487 | Depths:4 | Reached skill level 19 in Invocations
 97088 | Depths:4 | Reached skill level 15 in Hexes
 97088 | Depths:4 | Reached skill level 15 in Summonings
 97088 | Depths:4 | Reached skill level 15 in Necromancy
 97088 | Depths:4 | Reached skill level 15 in Translocations
 97088 | Depths:4 | Reached skill level 15 in Ice Magic
 97088 | Depths:4 | Reached skill level 15 in Air Magic
 97088 | Depths:4 | Reached skill level 15 in Earth Magic
 97088 | Depths:4 | Reached skill level 15 in Alchemy
 97902 | Depths:4 | Found a broken altar of Ashenzari.
 97975 | Depths:4 | Identified the +2 broad axe of Currency {freeze, rF+ Int+3}
 98455 | Depths:4 | Reached skill level 16 in Fire Magic
 98799 | Depths:4 | Found a gate to the Realm of Zot.
 99728 | Slime:1  | Entered Level 1 of the Pits of Slime
100249 | Slime:2  | Reached skill level 24 in Dodging
100255 | Slime:2  | Received a gift from Sif Muna
101646 | Slime:1  | Reached XP level 26. HP: 209/211 MP: 39/45
101995 | Slime:3  | HP: 95/211 [constriction (12)]
101997 | Slime:3  | HP: 47/211 [formless jellyfish (36)]
102001 | Slime:3  | HP: 13/211 [formless jellyfish (18)]
102001 | Slime:3  | HP: 3/211 [constriction (10)]
102005 | Slime:3  | Reached skill level 18 in Fighting
102005 | Slime:3  | Reached skill level 18 in Short Blades
102005 | Slime:3  | Reached skill level 18 in Long Blades
102005 | Slime:3  | Reached skill level 18 in Axes
102005 | Slime:3  | Reached skill level 18 in Maces & Flails
102005 | Slime:3  | Reached skill level 18 in Polearms
102005 | Slime:3  | Reached skill level 18 in Staves
102005 | Slime:3  | Reached skill level 18 in Ranged Weapons
102005 | Slime:3  | Reached skill level 18 in Throwing
102005 | Slime:3  | Reached skill level 18 in Armour
102005 | Slime:3  | Reached skill level 18 in Shields
102005 | Slime:3  | Reached skill level 18 in Unarmed Combat
102005 | Slime:3  | Reached skill level 18 in Evocations
102675 | Slime:5  | Entered Level 5 of the Pits of Slime
102844 | Slime:4  | Received a gift from Sif Muna
102999 | Slime:5  | Noticed the Royal Jelly
104649 | Slime:5  | Killed the Royal Jelly
105365 | Slime:5  | Identified the ring of Seneujiuwi {rElec rPois Will+ Slay+3
                  | SInv}
105397 | Slime:5  | Identified the +0 scale mail of Winter {Harm Fly}
105400 | Slime:5  | Identified the scarf "Hero's Friend" {shadows, Harm Str+4
                  | Dex-5}
105408 | Slime:5  | Identified the +12 quarterstaff "Noaxter" {elec, rElec
                  | rPois rF- MP+9}
105434 | Slime:5  | Identified the amulet "Onievury" {Spirit rN+ Will+}
105444 | Slime:5  | Identified the +2 pair of gloves of Entitlement {Stlth+}
105447 | Slime:5  | Got a slimy rune of Zot
106061 | Crypt:1  | Entered Level 1 of the Crypt
106478 | Crypt:1  | Received a gift from Sif Muna
108438 | Crypt:2  | Reached skill level 17 in Shapeshifting
108589 | Crypt:2  | Reached skill level 19 in Spellcasting
109189 | Crypt:2  | Received a gift from Sif Muna
109351 | Crypt:2  | Reached skill level 20 in Invocations
110040 | Crypt:3  | Entered Level 3 of the Crypt
110937 | Crypt:3  | Noticed an ancient lich
111261 | Crypt:3  | Reached skill level 19 in Stealth
111400 | Crypt:3  | Reached skill level 16 in Conjurations
111464 | Crypt:3  | Reached ****** piety under Sif Muna
111469 | Crypt:3  | Noticed Zenata
111474 | Crypt:3  | Identified the ring "Iroxomer" {+Blink rPois Int+5}
111640 | Crypt:3  | Identified the amulet "Axenulif" {Acrobat ^Fragile rPois
                  | rF+ Dex+2 Stlth+}
111670 | Crypt:3  | Killed Zenata
111671 | Crypt:3  | Reached XP level 27. HP: 199/219 MP: 2/46
111868 | Crypt:3  | Killed an ancient lich
112127 | Crypt:3  | Found an ancient bone altar of Kikubaaqudgha.
112544 | Crypt:3  | Identified the staff of Revolt {rF+ rC++ rN+ Str-3 Fire
                  | Air}
112555 | Crypt:3  | Learned a level 8 spell: Lehudib's Crystal Spear
112564 | Crypt:3  | Learned a level 8 spell: Borgnjor's Revivification
112576 | Crypt:3  | Learned a level 8 spell: Disjunction
112622 | Crypt:3  | Noticed Margery
112629 | Crypt:3  | Killed Margery
112837 | Crypt:3  | Identified the ring "Uzifat" {Will++ Str+6}
112904 | Crypt:3  | Found a staircase to the Tomb.
112910 | Crypt:3  | Identified the staff of Chance {rPois rF- Will+ Int+7
                  | Stlth+ Alchemy}
113226 | Crypt:3  | Identified the ring of the Empire {rPois rN++ Str+6}
113226 | Crypt:3  | Identified the ring "Jele" {^Contam rN++ rCorr Int-3 SInv
                  | Stlth+}
113278 | Crypt:3  | Reached skill level 16 in Hexes
113278 | Crypt:3  | Reached skill level 16 in Summonings
113278 | Crypt:3  | Reached skill level 16 in Necromancy
113278 | Crypt:3  | Reached skill level 16 in Translocations
113278 | Crypt:3  | Reached skill level 16 in Ice Magic
113278 | Crypt:3  | Reached skill level 16 in Air Magic
113278 | Crypt:3  | Reached skill level 16 in Earth Magic
113278 | Crypt:3  | Reached skill level 16 in Alchemy
113844 | Vaults:5 | Entered Level 5 of the Vaults
113955 | Vaults:5 | Identified the staff of Expedience {*Corrode rElec rF+ rN+
                  | Dex+6 Fire}
114130 | Vaults:5 | Reached skill level 17 in Fire Magic
114132 | Vaults:5 | Reached skill level 19 in Fighting
114132 | Vaults:5 | Reached skill level 19 in Short Blades
114132 | Vaults:5 | Reached skill level 19 in Long Blades
114132 | Vaults:5 | Reached skill level 19 in Axes
114132 | Vaults:5 | Reached skill level 19 in Maces & Flails
114132 | Vaults:5 | Reached skill level 19 in Polearms
114132 | Vaults:5 | Reached skill level 19 in Staves
114132 | Vaults:5 | Reached skill level 19 in Ranged Weapons
114132 | Vaults:5 | Reached skill level 19 in Throwing
114132 | Vaults:5 | Reached skill level 19 in Armour
114132 | Vaults:5 | Reached skill level 19 in Shields
114132 | Vaults:5 | Reached skill level 19 in Unarmed Combat
114132 | Vaults:5 | Reached skill level 19 in Evocations
114132 | Vaults:5 | Noticed a dread lich
114448 | Vaults:5 | HP: 89/221 [???[a deep elf demonologist] (45)]
114450 | Vaults:5 | Killed a dread lich
114450 | Vaults:5 | HP: 37/221 [sphinx/divine providence (17)]
114962 | Vaults:5 | Noticed a dread lich
115323 | Vaults:5 | Killed a dread lich
115521 | Vaults:4 | Reached skill level 25 in Dodging
115930 | Vaults:5 | Identified the +4 great mace of Varo {heavy, +Blink rElec
                  | rPois Will- Str-5}
116238 | Vaults:5 | Identified the +7 dagger of the Kidney {flame, ^Contam rF-
                  | rN+++ Dex+4}
116522 | Vaults:5 | Identified the +6 scale mail "Toihitag" {rElec}
116529 | Vaults:5 | Identified the +2 spear "Momeveza" {holy, *Slow rF+ Str+5
                  | Int+3}
116563 | Vaults:5 | Identified the ring "Opoptucu" {rElec rC- rCorr Int+6
                  | Stlth+}
116828 | Vaults:5 | Identified the amulet of Xom's Ringing Laughter {Spirit
                  | -Cast Str+6 SInv}
117142 | Vaults:5 | Noticed an ancient lich
117146 | Vaults:5 | Killed an ancient lich
117329 | Vaults:5 | Got a silver rune of Zot
118016 | Zot:1    | Entered Level 1 of the Realm of Zot
118823 | Zot:1    | Found a large runed translucent door.
118824 | Zot:1    | Found a large runed translucent door.
118824 | Zot:1    | Identified the +5 hand cannon of the Big Bang {chaos, Dex+3
                  | Stlth+}
118824 | Zot:1    | Identified the +5 dire flail of Coibo {chaos, Str+2 Int+3}
118824 | Zot:1    | Identified the +2 robe of Iteinoro {+Inv rElec Int+3}
119150 | Zot:1    | Reached skill level 21 in Invocations
119244 | Zot:1    | Reached skill level 20 in Spellcasting
119244 | Zot:1    | Reached skill level 18 in Shapeshifting
119350 | Zot:1    | Found a large runed translucent door.
119350 | Zot:1    | Found a shimmering altar of Xom.
119351 | Zot:1    | Found a large runed translucent door.
119351 | Zot:1    | Found a large runed translucent door.
119351 | Zot:1    | Found a large runed translucent door.
119351 | Zot:1    | Found a large runed translucent door.
119351 | Zot:1    | Found a large runed translucent door.
119351 | Zot:1    | Identified the +2 battleaxe "Pitweapi" {chaos, rCorr Str+2}
119351 | Zot:1    | Identified the +8 chain mail "Tevuxket" {rC++ Str+3 Dex-2}
119356 | Zot:1    | Identified the +2 glaive "Zufuux" {chaos, Str+2}
119356 | Zot:1    | Identified the +1 ring mail "Arenyoff" {^Contam Regen+
                  | rCorr SInv}
119360 | Zot:1    | Identified the +7 glaive "Xisex" {chaos, rF+++ rN+ Will-
                  | rCorr}
119360 | Zot:1    | Identified the +1 ring mail of Curiosity {Str+5}
119550 | Zot:1    | HP: 110/222 [poisoned by a wolf spider]
119555 | Zot:1    | HP: 89/222 [poisoned by a wolf spider]
120317 | Zot:2    | HP: 107/222 [tentacled monstrosity (9)]
120897 | Zot:2    | Reached skill level 20 in Stealth
120932 | Zot:2    | Noticed Vv
120941 | Zot:2    | HP: 102/222 [Vv (13)]
120943 | Zot:2    | HP: 15/222 [Vv (53)]
121244 | Zot:2    | Found a runed translucent gate.
121244 | Zot:2    | Found a runed translucent gate.
121244 | Zot:2    | Found a runed translucent gate.
121246 | Zot:2    | Found an opulent altar of Gozag.
121426 | Zot:2    | Reached skill level 17 in Conjurations
121683 | Zot:2    | HP: 107/223 [Vv/creeping frost (25)]
121690 | Zot:2    | HP: 92/224 [Vv/creeping frost (43)]
122491 | Zot:2    | HP: 104/224 [Vv (50)]
122495 | Zot:2    | Killed Vv
122773 | Zot:2    | Noticed Raguh's ghost (veteran OnBe)
122775 | Zot:2    | Found Rawkulim's Assorted Antiques.
122775 | Zot:2    | Found Uxtyof's Assorted Antiques.
122791 | Zot:2    | Killed Raguh's ghost
122792 | Zot:2    | Reached skill level 17 in Hexes
122792 | Zot:2    | Reached skill level 17 in Summonings
122792 | Zot:2    | Reached skill level 17 in Necromancy
122792 | Zot:2    | Reached skill level 17 in Translocations
122792 | Zot:2    | Reached skill level 17 in Ice Magic
122792 | Zot:2    | Reached skill level 17 in Air Magic
122792 | Zot:2    | Reached skill level 17 in Earth Magic
122792 | Zot:2    | Reached skill level 17 in Alchemy
122932 | Zot:2    | Bought a potion of haste for 380 gold pieces
122932 | Zot:2    | Bought a sling for 57 gold pieces
122932 | Zot:2    | Bought a potion of mutation for 304 gold pieces
122936 | Zot:2    | Bought a potion of haste for 440 gold pieces
122936 | Zot:2    | Bought a potion of mutation for 352 gold pieces
122936 | Zot:2    | Bought a potion of cancellation for 352 gold pieces
123884 | Zot:3    | Reached skill level 20 in Fighting
123884 | Zot:3    | Reached skill level 20 in Short Blades
123884 | Zot:3    | Reached skill level 20 in Long Blades
123884 | Zot:3    | Reached skill level 20 in Axes
123884 | Zot:3    | Reached skill level 20 in Maces & Flails
123884 | Zot:3    | Reached skill level 20 in Polearms
123884 | Zot:3    | Reached skill level 20 in Staves
123884 | Zot:3    | Reached skill level 20 in Ranged Weapons
123884 | Zot:3    | Reached skill level 20 in Throwing
123884 | Zot:3    | Reached skill level 20 in Armour
123884 | Zot:3    | Reached skill level 20 in Shields
123884 | Zot:3    | Reached skill level 20 in Unarmed Combat
123884 | Zot:3    | Reached skill level 20 in Evocations
124781 | Zot:3    | Identified the death talisman of Tenacity {Will+ Dex+3}
125652 | Zot:4    | Noticed Yrobre's ghost (legendary MiHu)
125840 | Zot:4    | Reached skill level 18 in Fire Magic
125852 | Zot:4    | Found a runed translucent door.
126607 | Zot:4    | Noticed Parghit
126618 | Zot:4    | Killed Parghit
127496 | Zot:4    | HP: 101/224 [Yrobre's ghost (22)]
127896 | Zot:4    | Killed Yrobre's ghost
128092 | Zot:5    | Entered Level 5 of the Realm of Zot
128528 | Zot:5    | Noticed an ancient lich
128538 | Zot:5    | Killed an ancient lich
128686 | Zot:5    | Reached skill level 22 in Invocations
129206 | Zot:5    | Noticed an orb of fire
129225 | Zot:5    | Learned a level 9 spell: Fire Storm
129236 | Zot:5    | Gained mutation: You are dopey. (Int -2) [an orb of fire]
129237 | Zot:5    | Gained mutation: You do not regenerate when monsters are
                  | visible. [an orb of fire]
129240 | Zot:5    | Killed an orb of fire
129517 | Zot:5    | Noticed an orb of fire
129946 | Zot:5    | Reached skill level 21 in Spellcasting
130121 | Zot:5    | Noticed an orb of fire
130129 | Zot:5    | Reached skill level 19 in Shapeshifting
130134 | Zot:5    | Killed an orb of fire
130295 | Zot:5    | Noticed an ancient lich
130312 | Zot:5    | Killed an orb of fire
130322 | Zot:5    | Killed an ancient lich
130596 | Zot:5    | Reached skill level 26 in Dodging
130955 | Zot:5    | Reached skill level 21 in Stealth
131104 | Zot:5    | Identified the +4 long sword "Gais" {protect, rC+ rCorr
                  | Str+2}
131570 | Zot:5    | Noticed an orb of fire
131579 | Zot:5    | Killed an orb of fire
131671 | Zot:5    | Noticed an orb of fire
131675 | Zot:5    | Gained mutation: Your health recovers twice as slowly from
                  | being drained. [an orb of fire]
131675 | Zot:5    | Noticed a dread lich
132022 | Zot:5    | Killed an orb of fire
132430 | Zot:5    | Killed a dread lich
132882 | Zot:5    | Learned a level 7 spell: Spellforged Servitor
133113 | Hell     | Entered the Vestibule of Hell
133113 | Hell     | Noticed Geryon
133117 | Hell     | Reached skill level 18 in Conjurations
133910 | Depths:4 | Learned a level 9 spell: Shatter
133917 | Hell     | Reached skill level 21 in Fighting
133917 | Hell     | Reached skill level 21 in Short Blades
133917 | Hell     | Reached skill level 21 in Long Blades
133917 | Hell     | Reached skill level 21 in Axes
133917 | Hell     | Reached skill level 21 in Maces & Flails
133917 | Hell     | Reached skill level 21 in Polearms
133917 | Hell     | Reached skill level 21 in Staves
133917 | Hell     | Reached skill level 21 in Ranged Weapons
133917 | Hell     | Reached skill level 21 in Throwing
133917 | Hell     | Reached skill level 21 in Armour
133917 | Hell     | Reached skill level 21 in Shields
133917 | Hell     | Reached skill level 21 in Unarmed Combat
133917 | Hell     | Reached skill level 18 in Hexes
133917 | Hell     | Reached skill level 18 in Summonings
133917 | Hell     | Reached skill level 18 in Necromancy
133917 | Hell     | Reached skill level 18 in Translocations
133917 | Hell     | Reached skill level 18 in Ice Magic
133917 | Hell     | Reached skill level 18 in Air Magic
133917 | Hell     | Reached skill level 18 in Earth Magic
133917 | Hell     | Reached skill level 18 in Alchemy
133917 | Hell     | Reached skill level 21 in Evocations
134077 | Depths:4 | HP: 105/228 [blizzard demon/the air (20)]
134394 | Hell     | Killed Geryon
134734 | Hell     | HP: 112/228 [hellephant (7)]
135500 | Hell     | Found a gateway to the ashen valley of Gehenna.
135591 | Hell     | Found a gateway to the Iron City of Dis.
135696 | Hell     | Found a gateway to the freezing wastes of Cocytus.
135838 | Hell     | Found a gateway to the decaying netherworld of Tartarus.
136033 | Geh:1    | Entered Level 1 of Gehenna
136446 | Geh:1    | Lost mutation: You do not regenerate when monsters are
                  | visible. [potion of mutation]
136446 | Geh:1    | Lost mutation: Your health recovers twice as slowly from
                  | being drained. [potion of mutation]
136446 | Geh:1    | Lost mutation: You are dopey. (Int -2) [potion of mutation]
136446 | Geh:1    | Gained mutation: You have large cloven feet. [potion of
                  | mutation]
136446 | Geh:1    | Gained mutation: You are agile. (Dex +4, Str/Int -1)
                  | [potion of mutation]
136446 | Geh:1    | Gained mutation: You are somewhat resistant to further
                  | mutation. [potion of mutation]
136446 | Geh:1    | Gained mutation: You are partially covered in iridescent
                  | scales. (AC +2) [potion of mutation]
136486 | Geh:2    | HP: 114/228 [hellephant (28)]
137154 | Geh:4    | HP: 101/228 [Brimstone Fiend/damnation (14)]
137470 | Depths:4 | Voluntarily entered the Abyss.
137473 | Abyss:1  | Found a corrupted altar of Lugonu.
137509 | Abyss:1  | Found a corrupted altar of Lugonu.
137867 | Abyss:1  | Reached skill level 23 in Invocations
137912 | Abyss:3  | Found a sparkling altar of Nemelex Xobeh.
137947 | Abyss:3  | HP: 107/228 [flayed ghost/flay_damage (34)]
137957 | Abyss:3  | Found a sparkling altar of Nemelex Xobeh.
138005 | Abyss:3  | Got an abyssal rune of Zot
138015 | Depths:4 | Escaped the Abyss
138196 | Depths:4 | Voluntarily entered the Abyss.
138211 | Abyss:3  | Found a corrupted altar of Lugonu.
138283 | Abyss:3  | Found a corrupted altar of Lugonu.
138349 | Abyss:3  | Reached skill level 19 in Fire Magic
138369 | Abyss:3  | HP: 108/228 [starcursed mass/accursed screaming (7)]
138378 | Abyss:3  | HP: 74/228 [smoke demon/divine providence (12)]
138384 | Abyss:3  | HP: 62/228 [thrashing horror (1)]
138389 | Depths:4 | Escaped the Abyss
138773 | Depths:4 | Voluntarily entered the Abyss.
138896 | Abyss:4  | Found a corrupted altar of Lugonu.
139172 | Depths:4 | Escaped the Abyss
139347 | Depths:4 | Voluntarily entered the Abyss.
139412 | Abyss:4  | Identified the +1 robe of the Zebra {rF+}
139512 | Abyss:4  | HP: 98/229 [lurking horror (50)]
139541 | Abyss:4  | HP: 97/229 [large abomination (3)]
139546 | Abyss:4  | HP: 76/229 [starcursed mass/accursed screaming (8)]
139559 | Abyss:4  | HP: 74/229 [starcursed mass/accursed screaming (8)]
139564 | Abyss:4  | Reached skill level 22 in Spellcasting
139568 | Abyss:4  | HP: 64/229 [starcursed mass/accursed screaming (5)]
139575 | Abyss:4  | HP: 56/229 [starcursed mass/accursed screaming (8)]
139580 | Abyss:4  | HP: 49/229 [starcursed mass/accursed screaming (7)]
139585 | Abyss:4  | HP: 42/229 [ettin zombie (7)]
139594 | Abyss:4  | HP: 34/229 [large abomination (8)]
139742 | Abyss:4  | HP: 71/229 [sun demon (17)]
139806 | Depths:4 | Escaped the Abyss
140148 | Geh:4    | Reached skill level 20 in Shapeshifting
140905 | Geh:5    | Reached skill level 22 in Stealth
141583 | Geh:7    | Entered Level 7 of Gehenna
142255 | Geh:7    | HP: 67/231 [Brimstone Fiend/damnation (57)]
142256 | Geh:7    | HP: 32/231 [Brimstone Fiend/damnation (35)]
142692 | Geh:7    | Identified the +0 robe of Untruth {rN+ Dex+4}
142692 | Geh:7    | Identified the amulet of Vugenoy {Faith Dex+5}
142929 | Geh:7    | Identified the ring of Mirth {rF+ Will- Str+6 Dex+3}
143414 | Geh:7    | Found the +13 sceptre of Asmodeus
143414 | Geh:7    | Noticed Asmodeus
143426 | Geh:7    | HP: 79/231 [???[Asmodeus] (40)]
143427 | Geh:7    | Killed Asmodeus
143434 | Geh:7    | Got an obsidian rune of Zot
143825 | Coc:1    | Entered Level 1 of Cocytus
143843 | Coc:1    | HP: 84/169 [shard shrike simulacrum (19)]
143847 | Coc:1    | Reached skill level 27 in Dodging
143868 | Coc:1    | HP: 79/169 [tengu reaver simulacrum (15)]
144069 | Coc:2    | HP: 42/149 [titan (35)]
144072 | Hell     | HP: 19/149 [titan (23)]
144519 | Coc:2    | Reached skill level 22 in Fighting
144519 | Coc:2    | Reached skill level 22 in Short Blades
144519 | Coc:2    | Reached skill level 22 in Long Blades
144519 | Coc:2    | Reached skill level 22 in Axes
144519 | Coc:2    | Reached skill level 22 in Maces & Flails
144519 | Coc:2    | Reached skill level 22 in Polearms
144519 | Coc:2    | Reached skill level 22 in Staves
144519 | Coc:2    | Reached skill level 22 in Ranged Weapons
144519 | Coc:2    | Reached skill level 22 in Throwing
144519 | Coc:2    | Reached skill level 22 in Armour
144519 | Coc:2    | Reached skill level 22 in Shields
144519 | Coc:2    | Reached skill level 22 in Unarmed Combat
144519 | Coc:2    | Reached skill level 22 in Evocations
144803 | Coc:3    | Reached skill level 19 in Conjurations
144807 | Coc:3    | HP: 67/145 [Ice Fiend (10)]
145433 | Coc:4    | HP: 76/168 [juggernaut simulacrum (10)]
145438 | Coc:4    | HP: 48/169 [elemental wellspring/torrent of water (22)]
145440 | Coc:4    | HP: 8/169 [shard shrike simulacrum (18)]
145904 | Coc:4    | Reached skill level 19 in Hexes
145904 | Coc:4    | Reached skill level 19 in Summonings
145904 | Coc:4    | Reached skill level 19 in Necromancy
145904 | Coc:4    | Reached skill level 19 in Translocations
145904 | Coc:4    | Reached skill level 19 in Ice Magic
145904 | Coc:4    | Reached skill level 19 in Air Magic
145904 | Coc:4    | Reached skill level 19 in Earth Magic
145904 | Coc:4    | Reached skill level 19 in Alchemy
145923 | Coc:4    | HP: 71/157 [elemental wellspring/torrent of water (18)]
146179 | Coc:4    | HP: 71/161 [nargun (16)]
146704 | Coc:5    | Noticed an ancient lich
146715 | Coc:5    | Killed an ancient lich
146818 | Coc:5    | Reached skill level 24 in Invocations
147113 | Coc:6    | Paralysed by a wendigo for 1 turns
147293 | Coc:7    | Entered Level 7 of Cocytus
147442 | Coc:7    | Paralysed by a wendigo for 1 turns
147879 | Coc:7    | Paralysed by a wendigo for 1 turns
147898 | Coc:7    | Noticed the Serpent of Hell
147905 | Coc:7    | Killed the Serpent of Hell
148072 | Coc:7    | HP: 76/183 [caustic shrike simulacrum (17)]
148305 | Coc:7    | Reached skill level 23 in Spellcasting
148305 | Coc:7    | Reached skill level 20 in Fire Magic
148772 | Coc:7    | Reached skill level 21 in Shapeshifting
148808 | Coc:7    | Paralysed by a wendigo for 1 turns
149047 | Coc:7    | Reached skill level 23 in Stealth
149478 | Coc:7    | Identified the ring "Ykevab" {Wiz rC- rCorr Str+2 Stlth+}
149478 | Coc:7    | Noticed Antaeus
149567 | Coc:7    | HP: 85/188 [Antaeus/+2 whip of venom (21)]
149569 | Coc:7    | Killed Antaeus
149787 | Coc:7    | Got an icy rune of Zot
149823 | Coc:7    | Identified the +3 chain mail "Happeomn" {+Inv rN+ Will+
                  | Str+3}
149944 | Coc:7    | Identified the +10 dagger of Destiny {freeze, *Noise rF+++
                  | MP+9 Int-5}
150093 | Tar:1    | Entered Level 1 of Tartarus
150579 | Tar:2    | HP: 92/191 [tainted leviathan (30)]
150586 | Tar:2    | HP: 93/191 [eidolon (2)]
151157 | Tar:4    | HP: 30/158 [Tzitzimitl/dispel undead[a doom hound] (83)]
151172 | Tar:4    | HP: 24/164 [bone dragon (6)]
151259 | Tar:4    | HP: 37/168 [spectral titan (20)]
151260 | Tar:4    | HP: 9/169 [spectral titan (29)]
151669 | Tar:4    | Reached skill level 23 in Fighting
151669 | Tar:4    | Reached skill level 23 in Short Blades
151669 | Tar:4    | Reached skill level 23 in Long Blades
151669 | Tar:4    | Reached skill level 23 in Axes
151669 | Tar:4    | Reached skill level 23 in Maces & Flails
151669 | Tar:4    | Reached skill level 23 in Polearms
151669 | Tar:4    | Reached skill level 23 in Staves
151669 | Tar:4    | Reached skill level 23 in Ranged Weapons
151669 | Tar:4    | Reached skill level 23 in Throwing
151669 | Tar:4    | Reached skill level 23 in Armour
151669 | Tar:4    | Reached skill level 23 in Shields
151669 | Tar:4    | Reached skill level 23 in Unarmed Combat
151669 | Tar:4    | Reached skill level 23 in Evocations
151669 | Tar:4    | HP: 86/180 [spectral titan (6)]
151688 | Tar:4    | HP: 73/186 [tainted leviathan/large rock (22)]
152222 | Tar:5    | Noticed a dread lich
152235 | Tar:5    | Killed a dread lich
152308 | Tar:6    | HP: 92/197 [Tzitzimitl/dispel undead (60)]
152612 | Tar:6    | HP: 87/184 [tainted leviathan/large rock (43)]
152622 | Tar:6    | HP: 11/190 [tainted leviathan/large rock (41)]
153397 | Tar:7    | Entered Level 7 of Tartarus
153409 | Tar:7    | Reached skill level 20 in Conjurations
153501 | Tar:7    | Reached skill level 25 in Invocations
153507 | Tar:7    | HP: 71/159 [Tzitzimitl/dispel undead (36)]
154313 | Tar:7    | Reached skill level 20 in Hexes
154313 | Tar:7    | Reached skill level 20 in Summonings
154313 | Tar:7    | Reached skill level 20 in Necromancy
154313 | Tar:7    | Reached skill level 20 in Translocations
154313 | Tar:7    | Reached skill level 20 in Ice Magic
154313 | Tar:7    | Reached skill level 20 in Air Magic
154313 | Tar:7    | Reached skill level 20 in Earth Magic
154313 | Tar:7    | Reached skill level 20 in Alchemy
155312 | Tar:7    | Noticed Ereshkigal
155315 | Tar:7    | Paralysed by Ereshkigal for 4 turns
155324 | Tar:7    | Killed Ereshkigal
155353 | Tar:7    | Got a bone rune of Zot
155358 | Tar:7    | Identified the +0 leather armour of the Louse {Int+3}
155555 | Dis:1    | Entered Level 1 of the Iron City of Dis
155606 | Dis:1    | You are sucked into a shaft and drop 1 floor!
156088 | Dis:3    | Reached skill level 24 in Spellcasting
156702 | Dis:5    | Noticed a dread lich
156702 | Dis:5    | Noticed a dread lich
156702 | Dis:5    | Noticed an ancient lich
156705 | Dis:5    | Noticed a dread lich
156712 | Hell     | Killed a dread lich
157013 | Dis:1    | Reached skill level 24 in Stealth
157226 | Dis:3    | Reached skill level 22 in Shapeshifting
157240 | Dis:3    | Reached skill level 21 in Fire Magic
157262 | Dis:3    | HP: 76/191 [Hell Sentinel/damnation (26)]
157500 | Dis:5    | Killed a dread lich
157500 | Dis:5    | Killed a dread lich
157503 | Dis:5    | Killed an ancient lich
158135 | Dis:6    | HP: 82/216 [Hell Sentinel/damnation (39)]
158483 | Dis:6    | HP: 52/156 [Hell Sentinel/damnation (22)]
158483 | Dis:6    | HP: 13/156 [Hell Sentinel/damnation (39)]
158483 | Dis:6    | Killed from afar by a Hell Sentinel

Illustrated notes

Levels and vault maps discovered:
D:1:      ncdulo_lavacross, layout_loops_corners
D:2:      layout_loops_ring, serial_shops, shop, nicolae_square_shop,
          nicolae_shop_pleasant_corner_grove, nicolae_shop_hallway_stairs,
          minmay_misc_feat_rugged, nicolae_eternal_life
D:3:      layout_basic, fedhas_altar_fruit_tree, lemuel_tele_altar,
          minivault_27, nrook_loot_triangle, uniq_jessica, uniq_terence
D:4:      layout_loops_corners, led_xom_imps, uniq_crazy_yiuf_cottage
D:5:      layout_basic, serial_rivers, chequers_serial_rivers_room_b,
          chequers_serial_rivers_marsh, chequers_serial_rivers_micro_c,
          chequers_serial_rivers_marsh, portal_sewer_entry_f, nicolae_wormholes
D:6:      minmay_klotski, layout_loops_corners, gup_ossuary_entry_pyramid
D:7:      layout_loops_ring, nicolae_dithmenos_through_a_glass_darkly,
          tso_oasis_becter, temple_doors_e, serial_shops,
          nicolae_shop_real_fake_doors, nicolae_shop_tiny_glass,
          nicolae_shop_stone
D:8:      layout_basic, grunt_lair_entry_orc_guard_hut, serial_shops,
          shop_coins, nicolae_titane
D:9:      layout_loops_ring, special_room [special_room_bee], minmay_between
D:10:     layout_small_grid, fiery_altar_vehumet, grunt_decor_clamped
D:11:     layout_big_octagon, orc_0_dummy, gammafunk_ghost_split
D:12:     layout_rooms, hangedman_parallel_progression
D:13:     gammafunk_cloud_chamber, layout_rooms,
          lightli_vaults_fourway_checkpoint, serial_bayou_crossing
D:14:     layout_cave_pools, minmay_misc_feat_four_crosses,
          gauntlet_entry_generic, uniq_josephine
D:15:     hellmonk_depths_entry_around_the_bend, layout_basic,
          minmay_misc_feat_ornament, nicolae_fountain_basement, uniq_nessos
Temple:   nicolae_temple_slightly_damp_pantheon
Lair:1:   layout_layer_cave, basic_altar, nzn_random_ring, lemuel_fruit_fields,
          serial_bayou_shore_b
Lair:2:   layout_cellular_growth, nicolae_spider_entry_tight_spaces,
          enter_volcano_4, infiniplex_staircase_pool_2, lemuel_fruit_tree
Lair:3:   nzn_winding_woodlands_stair_cross [nzn_winding_woodlands_5x15_eye,
          nzn_winding_woodlands_center_pierced_h,
          nzn_winding_woodlands_5x15_concentric,
          nzn_winding_woodlands_5x5_cross,
          nzn_winding_woodlands_5x5_checkerboard,
          nzn_winding_woodlands_5x15_sidewinder,
          nzn_winding_woodlands_center_diamonds,
          nzn_winding_woodlands_5x15_river_crossing], layout_long_grid,
          minmay_shoals_entry_centaurs, serial_bayou_lagoon_b
Lair:4:   layout_roguey, nicolae_slime_entry_field_trip,
          grunt_forest_large_clearings, uniq_kirke
Lair:5:   hellmonk_lair_end_abyssal_woods, layout_loops_ring,
          kennysheep_abandoned_house
Shoals:1: layout_shoals, nicolae_shoals_stone_sculpture_thing,
          nicolae_shoals_kraken_intersection
Shoals:2: layout_shoals, nicolae_shoals_hidden_pirate_stash, uniq_frances,
          uniq_mlioglotl
Shoals:3: layout_shoals, uniq_ilsuiw
Shoals:4: shoals_end_simple, layout_shoals, nicolae_shoals_this_corrosion
Spider:1: layout_spider_delve
Spider:2: layout_spider_delve, ebering_ghost_reflecting_pool, uniq_nikola
Spider:3: mumra_spider_spiderweb, drop_trap
Spider:4: grunt_spider_rune_island, nicolae_spider_eight_legs
Slime:1:  layout_caves
Slime:2:  layout_caves
Slime:3:  cheibrodos_slime_lost_civilization_1, layout_caves,
          nicolae_slime_welcoming_committee
Slime:4:  layout_caves
Slime:5:  slime_pit
Orc:1:    layout_diamond_mine, basic_altar
Orc:2:    st_orc_open, layout_caves, nicolae_orc_quarried_blocks
Elf:1:    layout_loops_corners, portal_desolation_entry_garden, basic_altar,
          hangedman_elf_disciples
Elf:2:    nicolae_elf_blades_splatter_lattice
          [nicolae_blade_entry_crossed_weapons], layout_loops_corners,
          nicolae_elf_v_pinch, door_vault
Elf:3:    grunt_elf_hall_spiral, layout_gridlike, serial_shops, bzr_entry_dummy,
          nicolae_shop_scrapyard, nicolae_diamond_shop, nicolae_shop_tiny_glass
Vaults:1: vaults_mumra_hexcomb, nicolae_vaults_steering_wheel,
          nicolae_vaults_spaceships, v_rooms_4, v_rooms_5,
          nicolae_vaults_rhombus_7, grunt_vaults_hallway_long,
          nicolae_vaults_heist, vaults_dpeg_cross, ontoclasm_vaults_ring_square,
          nicolae_vaults_trapezoid_layered, vaults_room_stairs_pillars,
          nicolae_vaults_diamond_1, v_misc_25, layout_vaults_omnibox,
          serial_shops
Vaults:2: nicolae_vaults_diffraction_hallways, nicolae_vaults_little_squares_5,
          hangedman_vaults_nails, nicolae_vaults_cornered_office,
          nicolae_vaults_double_plus_1, nicolae_vaults_closet_pinwheel_5,
          v_alt_pattern_4, v_misc_13, v_misc_24, v_misc_19, v_pattern_1,
          ontoclasm_vaults_shuriken, nicolae_vaults_mini_display_case,
          layout_vaults_ring, minmay_crypt_entry_simple_round
Vaults:3: hangedman_vaults_locks, nicolae_vaults_cornered_office, v_misc_19,
          hangedman_vaults_trim, vaults_mumra_minichess,
          nicolae_vaults_wine_cellar, layout_vaults_omnicross, uniq_norris
Vaults:4: v_misc_10, gammafunk_dig_for_victory, vaults_mumra_hex, v_misc_16,
          vaults_room_stairs_pillars, vaults_mumra_lcd, vaults_dpeg_hooks,
          nicolae_vaults_variable_pillar_hall, nicolae_vaults_storage_closets_3,
          nicolae_vaults_offset_grid_hallway_4, nicolae_vaults_alarming,
          v_misc_8, layout_vaults_maze
Vaults:5
Crypt:1:  layout_misc_corridors, grunt_crypt_arrival_webbed, grunt_megastairs_3
Crypt:2:  layout_regular_city, roderic_lattice_octagonal_star
Crypt:3:  cryptofortress_bobbens, uniq_josephina, uniq_zenata, uniq_margery
Depths:1: layout_honeycomb, serial_shops, shop, hellmouth_3, skrybe_limestone_x,
          kennysheep_doodads, minmay_misc_feat_tower, kennysheep_path_1,
          hangedman_stitches_earthworm
Depths:2: minmay_ambush_box, layout_cave_shapes, enter_ziggurat_d,
          nicolae_twisting_strands, hell_entry, abyss_entry, pan_entry,
          lemuel_statue_altar, minmay_shoptagon, uniq_boris, uniq_saint_roka
Depths:3: hangedman_slaughterboxes, hell_entry, abyss_entry
Depths:4: lemuel_castle_with_subvaults [lemuel_castle_interior_carwin_1],
          layout_cave_shapes, ashenzari_altar_1, pan_entry, hell_entry,
          regret_index_abyss_entry_earlier_magic
Hell
Dis:1:    layout_subdivisions
Dis:2:    layout_overlapping_boxes
Dis:3:    layout_subdivisions
Dis:4:    layout_gridville
Dis:5:    layout_gridville, nicolae_dis_liches_on_tour
Dis:6:    layout_overlapping_boxes
Geh:1:    layout_gehenna_pools_basic
Geh:2:    layout_gehenna_lava_caves
Geh:3:    layout_gehenna_pools_basic
Geh:4:    layout_gehenna_lava_caves
Geh:5:    layout_gehenna_lava_caves
Geh:6:    layout_gehenna_lava_caves
Geh:7:    geh_grunt_pentagon
Coc:1:    layout_ice_bergs
Coc:2:    layout_ice_bergs
Coc:3:    layout_cocytus_delve
Coc:4:    layout_ice_bergs
Coc:5:    layout_cocytus_water_paths
Coc:6:    layout_cocytus_delve, nicolae_coc_statues_of_limitations
Coc:7:    coc_old
Tar:1:    layout_cathedral_of_symmetry, lemuel_nasty_fountain
Tar:2:    layout_honeycomb, nicolae_tar_stay_or_leave
Tar:3:    layout_grid_maze
Tar:4:    layout_honeycomb, nicolae_tar_cuneiform_two
Tar:5:    layout_grid_maze
Tar:6:    layout_cathedral_of_symmetry, nicolae_tar_grid_combs
Tar:7:    tar_minmay_river
Zot:1:    layout_basic, hangedman_xom_zot_hilarity, grunt_megastairs_5
Zot:2:    layout_gridlike, ebering_ghost_gozag, uniq_vv
Zot:3:    layout_gridlike, grunt_megastairs_2
Zot:4:    layout_onion, regret_index_zotdec_misc_clamp,
          hellmonk_ghost_happy_afterlife, uniq_parghit
Zot:5:    layout_basic

Skill      XL: |  1  2  3  4  5  6  7  8  9 10 11 12 13 14 15 16 17 18 19 20 21 22 23 24 25 26 27 |
---------------+----------------------------------------------------------------------------------+-----
Conjurations   | 2 3 4 5 6 7 8 9 10 11 12 13 14 15 16 20 | 20.6
Spellcasting   | 5 6 7 8 9 10 11 12 13 14 15 16 17 18 19 24 | 24.2
Invocations    | 1 2 3 4 5 6 7 8 9 10 11 12 13 14 15 16 17 18 19 20 25 | 25.7
Fighting       | 1 2 3 5 6 7 8 9 10 11 12 13 14 15 16 17 18 23 | 23.8
Short Blades   | 1 2 3 5 6 7 8 9 10 11 12 13 14 15 16 17 18 23 | 23.8
Long Blades    | 1 2 3 5 6 7 8 9 10 11 12 13 14 15 16 17 18 23 | 23.8
Axes           | 1 2 3 5 6 7 8 9 10 11 12 13 14 15 16 17 18 23 | 23.8
Maces & Flails | 1 2 3 5 6 7 8 9 10 11 12 13 14 15 16 17 18 23 | 23.8
Polearms       | 1 2 3 5 6 7 8 9 10 11 12 13 14 15 16 17 18 23 | 23.8
Staves         | 1 2 3 5 6 7 8 9 10 11 12 13 14 15 16 17 18 23 | 23.8
Ranged Weapons | 1 2 3 5 6 7 8 9 10 11 12 13 14 15 16 17 18 23 | 23.8
Throwing       | 1 2 3 5 6 7 8 9 10 11 12 13 14 15 16 17 18 23 | 23.8
Armour         | 1 2 3 5 6 7 8 9 10 11 12 13 14 15 16 17 18 23 | 23.8
Shields        | 1 2 3 5 6 7 8 9 10 11 12 13 14 15 16 17 18 23 | 23.8
Unarmed Combat | 1 2 3 5 6 7 8 9 10 11 12 13 14 15 16 17 18 23 | 23.8
Evocations     | 1 2 3 5 6 7 8 9 10 11 12 13 14 15 16 17 18 23 | 23.8
Shapeshifting  | 1 2 3 4 5 6 7 8 9 10 11 12 13 14 15 16 17 22 | 22.1
Hexes          | 1 2 3 4 5 6 7 8 9 10 11 12 13 14 15 20 | 20.5
Summonings     | 1 2 3 4 5 6 7 8 9 10 11 12 13 14 15 20 | 20.5
Necromancy     | 1 2 3 4 5 6 7 8 9 10 11 12 13 14 15 20 | 20.5
Translocations | 1 2 3 4 5 6 7 8 9 10 11 12 13 14 15 20 | 20.5
Ice Magic      | 1 2 3 4 5 6 7 8 9 10 11 12 13 14 15 20 | 20.5
Air Magic      | 1 2 3 4 5 6 7 8 9 10 11 12 13 14 15 20 | 20.5
Earth Magic    | 1 2 3 4 5 6 7 8 9 10 11 12 13 14 15 20 | 20.5
Alchemy        | 1 2 3 4 5 6 7 8 9 10 11 12 13 14 15 20 | 20.5
Dodging        | 5 6 7 9 10 12 13 14 15 16 17 18 19 20 21 22 23 24 27 | 27.0
Stealth        | 5 6 7 8 9 10 11 12 13 14 15 16 17 18 19 24 | 24.1
Fire Magic     | 6 7 8 9 10 11 12 13 14 15 16 21 | 21.0

Action                     |  1- 3 |  4- 6 |  7- 9 | 10-12 | 13-15 | 16-18 | 19-21 | 22-24 | 25-27 || total
---------------------------+-------+-------+-------+-------+-------+-------+-------+-------+-------++-------
  Melee: Whip              |    47 |     1 |     6 |       |       |       |       |       |       ||    54
         Dagger            |       |    58 |    17 |       |       |       |       |       |       ||    75
         Bite              |       |     8 |     9 |     8 |     8 |    24 |    21 |    83 |   435 ||   596
         Falchion          |       |       |    49 |    69 |     4 |       |       |       |       ||   122
         Flail             |       |       |       |       |    42 |       |       |       |       ||    42
         Bo                |       |       |       |       |    10 |   124 |    24 |   138 |   530 ||   826
         War axe           |       |       |       |       |       |       |   105 |   313 |  1326 ||  1744
  Throw: Dart              |       |       |       |     4 |       |       |       |       |       ||     4
         Javelin           |       |       |       |       |       |       |       |       |    10 ||    10
   Cast: Foxfire           |    28 |    35 |   208 |   376 |   847 |       |       |       |       ||  1494
         Scorch            |     3 |    13 |    75 |   138 |   237 |    11 |       |       |       ||   477
         Flame Wave        |       |       |       |    46 |    96 |    10 |     4 |       |       ||   156
         Freezing Cloud    |       |       |       |       |    69 |    13 |     2 |     7 |     2 ||    93
         Arcjolt           |       |       |       |       |    22 |    78 |    64 |    64 |   117 ||   345
         Fireball          |       |       |       |       |     4 |    70 |    57 |    24 |    11 ||   166
         Plasma Beam       |       |       |       |       |       |   375 |   518 |   546 |   892 ||  2331
         Dispersal         |       |       |       |       |       |     1 |       |       |     5 ||     6
         Bombard           |       |       |       |       |       |       |     9 |    80 |    77 ||   166
         Ignition          |       |       |       |       |       |       |       |       |   170 ||   170
         Lehudib's Crystal |       |       |       |       |       |       |       |       |   609 ||   609
         Spellforged Servi |       |       |       |       |       |       |       |       |   118 ||   118
         Shatter           |       |       |       |       |       |       |       |       |    39 ||    39
         Disjunction       |       |       |       |       |       |       |       |       |    17 ||    17
         Fire Storm        |       |       |       |       |       |       |       |       |    14 ||    14
         Polar Vortex      |       |       |       |       |       |       |       |       |     2 ||     2
         Passage of Golubr |       |       |       |       |       |       |       |       |     2 ||     2
         Apportation       |       |       |       |       |       |       |       |       |     2 ||     2
 Invoke: Channel Magic     |       |       |       |       |       |     5 |     4 |    10 |    39 ||    58
         Divine Exegesis   |       |       |       |       |       |       |       |       |     2 ||     2
  Evoke: Wand              |       |       |     3 |    22 |    24 |    22 |    10 |     5 |    25 ||   111
         Box of beasts     |       |       |       |       |     1 |     2 |       |       |     4 ||     7
         Phantom mirror    |       |       |       |       |     1 |       |     1 |       |     3 ||     5
         Lightning rod     |       |       |       |       |       |       |       |     3 |    12 ||    15
         Phial of floods   |       |       |       |       |       |       |       |       |     1 ||     1
         Condenser vane    |       |       |       |       |       |       |       |       |     1 ||     1
    Use: Scroll            |       |       |     4 |    12 |     6 |    11 |     4 |     6 |    13 ||    56
         Potion            |       |       |     1 |       |       |     2 |     4 |     2 |    11 ||    20
   Stab: Sleeping          |    13 |     1 |       |       |     1 |       |     1 |       |    16 ||    32
         Distracted        |       |     1 |       |       |       |       |       |       |    28 ||    29
         Invisible         |       |       |       |       |       |     3 |       |       |     3 ||     6
 Armour: Robe              |    16 |    27 |    91 |       |   234 |   305 |    73 |       |   806 ||  1552
         Ring mail         |       |       |       |   318 |    56 |       |       |       |       ||   374
         Scale mail        |       |       |       |       |       |       |   114 |       |       ||   114
         Acid dragon scale |       |       |       |       |       |       |     2 |       |   411 ||   413
         Chain mail        |       |       |       |       |       |       |    88 |   409 |   342 ||   839
  Dodge: Dodged            |    27 |    29 |   117 |   234 |   227 |   278 |   227 |   206 |  1806 ||  3151
         Repelled          |       |       |       |     8 |    21 |    11 |    44 |       |       ||    84
  Block: Kite shield       |       |       |       |       |   101 |       |       |       |       ||   101
         Buckler           |       |       |       |       |    18 |   204 |   194 |   230 |  1230 ||  1876
   Form: Death             |       |       |       |       |       |       |       |       |     1 ||     1

Table legend: (Time is in decaauts)
 A = Elapsed time spent in this place.
 B = Non-inter-level travel time spent in this place.
 C = Inter-level travel time spent in this place.
 D = Time resting spent in this place.
 E = Time spent auto-exploring this place.
 F = Levels seen in this place.
 G = Mean time per level.
                   A        B        C        D        E       F      G
               +--------+--------+--------+--------+--------+-----+--------+
         Total | 158082 | 147228 |  10854 |  30195 |  96983 |  97 | 1629.7 |
       Dungeon |  25207 |  22207 |   3000 |   4996 |  14203 |  15 | 1680.5 |
        Temple |     28 |      1 |     27 |      0 |      0 |   1 |   28.0 |
          Lair |  14799 |  13697 |   1102 |   3208 |   8608 |   5 | 2959.8 |
        Shoals |   9565 |   9178 |    387 |   2858 |   5482 |   4 | 2391.2 |
   Spider Nest |   7105 |   6821 |    284 |   1827 |   4302 |   4 | 1776.2 |
    Slime Pits |   5752 |   5095 |    657 |   1366 |   3067 |   5 | 1150.4 |
  Orcish Mines |   3600 |   3347 |    253 |    282 |   2477 |   2 | 1800.0 |
   Elven Halls |   8059 |   7632 |    427 |    613 |   5864 |   3 | 2686.3 |
        Vaults |  16726 |  16014 |    712 |   3351 |  10685 |   5 | 3345.2 |
         Crypt |   7128 |   6967 |    161 |   1256 |   4953 |   3 | 2376.0 |
        Depths |  17269 |  16455 |    814 |   2837 |  11899 |   4 | 4317.2 |
          Hell |   4195 |   3911 |    284 |   1871 |   1808 |   1 | 4195.0 |
           Dis |   2473 |   2325 |    148 |    619 |   1380 |   6 |  412.2 |
       Gehenna |   4593 |   3968 |    625 |   1500 |   1718 |   7 |  656.1 |
       Cocytus |   5166 |   4881 |    285 |    217 |   3743 |   7 |  738.0 |
      Tartarus |   4290 |   3442 |    848 |   1264 |   1383 |   7 |  612.9 |
           Zot |  14709 |  13875 |    834 |    547 |  11826 |   5 | 2941.8 |
         Abyss |   1455 |   1455 |      0 |    151 |    517 |   7 |  207.9 |
        Bazaar |     87 |     87 |      0 |      0 |     48 |   1 |   87.0 |
         Sewer |   1115 |   1115 |      0 |     47 |    902 |   1 | 1115.0 |
       Ossuary |    757 |    757 |      0 |      0 |    596 |   1 |  757.0 |
       Volcano |   1408 |   1408 |      0 |    708 |    342 |   1 | 1408.0 |
    Desolation |   1538 |   1538 |      0 |    132 |    889 |   1 | 1538.0 |
      Gauntlet |   1046 |   1046 |      0 |    545 |    289 |   1 | 1046.0 |
               +--------+--------+--------+--------+--------+-----+--------+

Top non-repeatable levels by time:
Depths:3: 6295 daAuts
Depths:4: 5592 daAuts
Vaults:4: 4947 daAuts
   Zot:5: 4873 daAuts
Vaults:1: 4500 daAuts
    Hell: 4195 daAuts
Shoals:3: 3801 daAuts
  Lair:4: 3440 daAuts
Depths:1: 3386 daAuts
   Elf:2: 3256 daAuts
 Crypt:3: 3246 daAuts
   Zot:3: 3112 daAuts
  Lair:3: 3048 daAuts
   Zot:2: 2925 daAuts
  Lair:2: 2920 daAuts
